Workbook
Name a: #REF!
Name a: #REF!
Name a: #REF!
Name a: #REF!
Name A_Obj1: OFFSET(#REF!,0,0,COUNTA(#REF!)-1,1)
Name A_Obj1: OFFSET(#REF!,0,0,COUNTA(#REF!)-1,1)
Name A_Obj1: OFFSET(#REF!,0,0,COUNTA(#REF!)-1,1)
Name A_Obj1: OFFSET(#REF!,0,0,COUNTA(#REF!)-1,1)
Name A_Obj1: OFFSET(#REF!,0,0,COUNTA(#REF!)-1,1)
Name A_Obj1: OFFSET(#REF!,0,0,COUNTA(#REF!)-1,1)
Name A_Obj1: OFFSET(#REF!,0,0,COUNTA(#REF!)-1,1)
Name A_Obj2: OFFSET(#REF!,0,0,COUNTA(#REF!)-1,1)
Name A_Obj2: OFFSET(#REF!,0,0,COUNTA(#REF!)-1,1)
Name A_Obj2: OFFSET(#REF!,0,0,COUNTA(#REF!)-1,1)
Name A_Obj2: OFFSET(#REF!,0,0,COUNTA(#REF!)-1,1)
Name A_Obj2: OFFSET(#REF!,0,0,COUNTA(#REF!)-1,1)
Name A_Obj2: OFFSET(#REF!,0,0,COUNTA(#REF!)-1,1)
Name A_Obj2: OFFSET(#REF!,0,0,COUNTA(#REF!)-1,1)
Name A_Obj3: OFFSET(#REF!,0,0,COUNTA(#REF!)-1,1)
Name A_Obj3: OFFSET(#REF!,0,0,COUNTA(#REF!)-1,1)
Name A_Obj3: OFFSET(#REF!,0,0,COUNTA(#REF!)-1,1)
Name A_Obj3: OFFSET(#REF!,0,0,COUNTA(#REF!)-1,1)
Name A_Obj3: OFFSET(#REF!,0,0,COUNTA(#REF!)-1,1)
Name A_Obj3: OFFSET(#REF!,0,0,COUNTA(#REF!)-1,1)
Name A_Obj3: OFFSET(#REF!,0,0,COUNTA(#REF!)-1,1)
Name A_Obj4: OFFSET(#REF!,0,0,COUNTA(#REF!)-1,1)
Name A_Obj4: OFFSET(#REF!,0,0,COUNTA(#REF!)-1,1)
Name A_Obj4: OFFSET(#REF!,0,0,COUNTA(#REF!)-1,1)
Name A_Obj4: OFFSET(#REF!,0,0,COUNTA(#REF!)-1,1)
Name A_Obj4: OFFSET(#REF!,0,0,COUNTA(#REF!)-1,1)
Name A_Obj4: OFFSET(#REF!,0,0,COUNTA(#REF!)-1,1)
Name A_Obj4: OFFSET(#REF!,0,0,COUNTA(#REF!)-1,1)
Name Acc_1: #REF!
Name Acc_1: #REF!
Name Acc_1: #REF!
Name Acc_1: #REF!
Name Acc_1: #REF!
Name Acc_1: #REF!
Name Acc_1234: #REF!
Name Acc_1234: #REF!
Name Acc_2: #REF!
Name Acc_2: #REF!
Name Acc_2: #REF!
Name Acc_2: #REF!
Name Acc_2: #REF!
Name Acc_2: #REF!
Name Acc_3: #REF!
Name Acc_3: #REF!
Name Acc_3: #REF!
Name Acc_3: #REF!
Name Acc_3: #REF!
Name Acc_3: #REF!
Name Acc_4: #REF!
Name Acc_4: #REF!
Name Acc_4: #REF!
Name Acc_4: #REF!
Name Acc_4: #REF!
Name Acc_4: #REF!
Name Acc_5: #REF!
Name Acc_5: #REF!

Sheet Consolidado
B8: Resultados Seguimiento Plan Anticorrupción y de Atención al Ciudadano 2020
B11: Selecciona el componente que desea consultar:
B13: Componente 1: Mapa de riesgos de corrupción y medidas para mitigar los riesgos
B15: Componente 2: Racionalización (Estrategia antitrámites)
B17: Componente 3. Rendición de cuentas
B19: Componente 4. Atención al Ciudadano
B21: Componente 5. Transparencia y Acceso a la Información
B23: Componente 6: Iniciativas adicionales
B25: TOTAL

Sheet Antecedentes
A2: PLAN ANTICORRUPCIÓN Y DE ATENCIÓN AL CIUDADANO 2021
A4: OBJETIVO GENERAL Fomentar la gestión de transparencia y lucha contra la corrupción en el Ministerio del Deporte, a través de la formulación de la estrategia y el desarrollo de actividades orientadas al cumplimiento del Plan Anticorrupción y de Atención al Ciudadano 2021.
A5: OBJETIVOS ESPECÍFICOS • Definir actividades para prevenir la materialización de riesgos de corrupción. • Formular acciones orientadas a identificar las necesidades de los ciudadanos y los grupos de valor. • Formular acciones de rendición de cuentas de la entidad como instrumento de fortalecimiento en la gestión. • Generar acciones para la identificación, priorización y racionalización de trámites del Ministerio del Deporte. • • Formular acciones pedagógicas adicionales para fomentar la Transparencia e integridad de los funcionarios y contratistas.

Sheet Programación Metas
B5: Plan Anticorrupción y de Atención al Ciudadano 2021
B6: Componente | C6: 1er bimestre ene-feb | D6: 2do bimestre mar-abr | E6: 3ro bimestre may-jun | F6: 4to bimestre jul-ago | G6: 5to bimestre sep-oct | H6: 6to bimestre nov-dic
B8: Componente 1: Mapa de riesgos de corrupción y medidas para mitigar los riesgos | C8: =+#REF! -> #REF! | D8: =+#REF! -> #REF! | E8: =+#REF! -> #REF! | F8: =+#REF! -> #REF! | G8: =+#REF! -> #REF! | H8: =+#REF! -> #REF!
B9: Componente 2: Racionalización (Estrategia antitrámites) | C9: =+'2.Racionalización'!T10 -> 0 | D9: =+'2.Racionalización'!U10 -> 0.5 | E9: =+'2.Racionalización'!V10 -> 0.5 | F9: =+'2.Racionalización'!W10 -> 0.5 | G9: =+'2.Racionalización'!X10 -> 0.5 | H9: =+'2.Racionalización'!Y10 -> 1
B10: Componente 3. Rendición de cuentas | C10: =+'3.Rendición de Cuentas'!T25 -> 0 | D10: =+'3.Rendición de Cuentas'!U25 -> 0.10526316 | E10: =+'3.Rendición de Cuentas'!V25 -> 0.18421053 | F10: =+'3.Rendición de Cuentas'!W25 -> 0.28947368 | G10: =+'3.Rendición de Cuentas'!X25 -> 0.42105263 | H10: =+'3.Rendición de Cuentas'!Y25 -> 1
B11: Componente 4. Atención al Ciudadano | C11: =+#REF! -> #REF! | D11: =+#REF! -> #REF! | E11: =+#REF! -> #REF! | F11: =+#REF! -> #REF! | G11: =+#REF! -> #REF! | H11: =+#REF! -> #REF!
B12: Componente 5. Transparencia y Acceso a la Información | C12: =+#REF! -> #REF! | D12: =+#REF! -> #REF! | E12: =+#REF! -> #REF! | F12: =+#REF! -> #REF! | G12: =+#REF! -> #REF! | H12: =+#REF! -> #REF!
B13: Componente 6: Iniciativas adicionales | C13: =+#REF! -> #REF! | D13: =+#REF! -> #REF! | E13: =+#REF! -> #REF! | F13: =+#REF! -> #REF! | G13: =+#REF! -> #REF! | H13: =+#REF! -> #REF!
B14: TOTAL | C14: =AVERAGE(C8:C13) -> #REF! | D14: =AVERAGE(D8:D13) -> #REF! | E14: =AVERAGE(E8:E13) -> #REF! | F14: =AVERAGE(F8:F13) -> #REF! | G14: =AVERAGE(G8:G13) -> #REF! | H14: =AVERAGE(H8:H13) -> #REF!

Sheet 4.1RC
A1: N° | B1: Proceso | C1: Informe de monitoreo MRC
C2: corte 30-abr (33%) | D2: corte 31-ago (33%) | E2: corte 31-dic (33%) | F2: % avance
A3: 1 | B3: Planeación Estratégica | C3: 0.33333333 | D3: 0.33 | F3: =SUM(C3:E3) -> 0.66333333
A4: 3 | B4: Gestión de Comunicaciones | C4: 0.33333333 | D4: 0 | F4: =SUM(C4:E4) -> 0.33333333
A5: 5 | B5: Inspección, Vigilancia y Control | C5: 0.33333333 | D5: 0.33 | F5: =SUM(C5:E5) -> 0.66333333
A6: 6 | B6: Fomento al Desarrollo Humano y Social | F6: =SUM(C6:E6) -> 0
B7: Recreación | C7: 0.33333333 | D7: 0.33333333
B8: Deporte Escolar | C8: 0.33333333 | D8: 0.33333333
B9: Social Comunitario | C9: 0.33333333 | D9: 0.33333333
B10: Actividad Fisica | C10: 0.33333333 | D10: 0.33333333
B11: Fomento al Desarrollo Humano y Social - Programa Superate | C11: 0 | D11: 0.33 | F11: =SUM(C11:E11) -> 0.33
A12: 7 | B12: Altos Logros
B13: Deporte Convencional | C13: 0.33333333 | D13: 0.33 | F13: =SUM(C13:E13) -> 0.66333333
B14: CCD | C14: 0 | D14: 0.33 | F14: =SUM(C14:E14) -> 0.33
B15: Programas y proyectos Deportivos | C15: 0.33333333 | D15: 0.33 | F15: =SUM(C15:E15) -> 0.66333333
B16: Deporte Paralimpico | C16: 0.33333333 | D16: 0.33 | F16: =SUM(C16:E16) -> 0.66333333
B17: Nacional Antidopaje | C17: 0.33333333 | D17: 0.33 | F17: =SUM(C17:E17) -> 0.66333333
B18: Juegos y eventos | C18: 0.33333333 | D18: 0.33 | F18: =SUM(C18:E18) -> 0.66333333
B19: Psicosocial | C19: 0.33333333 | D19: 0.33 | F19: =SUM(C19:E19) -> 0.66333333
A20: 8 | B20: Apoyo en Infraestructura Técnica y Científica
B21: CAR | C21: 0.33333333 | D21: 0 | F21: =SUM(C21:E21) -> 0.33333333
B22: Laboratorio al Dopaje | C22: 0.33333333 | D22: 0 | F22: =SUM(C22:E22) -> 0.33333333
B23: Infraestructura | C23: 0.33333333 | D23: 0 | F23: =SUM(C23:E23) -> 0.33333333
B24: Informacion y Estudios | C24: 0.33333333 | D24: 0 | F24: =SUM(C24:E24) -> 0.33333333
A25: 9 | B25: Servicio Integral al Ciudadano | C25: 0.33333333 | D25: 0.33333333 | F25: =SUM(C25:E25) -> 0.66666667
A26: 10 | B26: Gestión de Tecnologías de la Información y las Comunicaciones | C26: 0.33333333 | D26: 0.33333333 | F26: =SUM(C26:E26) -> 0.66666667
A27: 11 | B27: Gestión del Talento Humano | C27: 0.33333333 | D27: 0.33333333 | F27: =SUM(C27:E27) -> 0.66666667
A28: 12 | B28: Gestión Documental | C28: 0.33333333 | D28: 0.33333333 | F28: =SUM(C28:E28) -> 0.66666667
A29: 13 | B29: Adquisición de Bienes y Servicios | C29: 0.33333333 | D29: 0.33333333 | F29: =SUM(C29:E29) -> 0.66666667
A30: 14 | B30: Gestión Financiera y Tesorería | C30: 0.33333333 | D30: 0.33333333 | F30: =SUM(C30:E30) -> 0.66666667
A31: 15 | B31: Gestión Jurídica | C31: 0.33333333 | D31: 0.33333333 | F31: =SUM(C31:E31) -> 0.66666667
A32: 16 | B32: Gestión de los Recursos Físicos | C32: 0.33333333 | D32: 0.33333333 | F32: =SUM(C32:E32) -> 0.66666667
A33: 17 | B33: Seguimiento y Evaluación de la Gestión | C33: 0.33333333 | D33: 0.33333333 | F33: =SUM(C33:E33) -> 0.66666667
B34: Cumplimiento | C34: =AVERAGE(C3:C33) -> 0.30952381 | D34: =AVERAGE(D3:D33) -> 0.27261905 | F34: =SUM(C34:E34) -> 0.58214286

Sheet Hoja1
B2: COMPONENTE | C2: Avance reportado por el responsable | D2: Avance Verificado por la OCI | E2: Nivel de Cumplimiento OCI | F2: Observaciones OCI
B3: 1: Mapa de Riesgo de Corrupcion y medidas para mitigar los riesgos | C3: 0.45 | D3: 0.45 | E3: ZONA BAJA | F3: observación De 7 actividades programadas en el Primer Cuatrimestre 2021, dos no alcanzaron el 100%, quedando así: una (1) no se cumplió (0%), y la segunda (2) con el cumplimiento del 60%.
B4: 2: Racionalización ( Estrategia antitrámites) | C4: 0.67 | D4: 0.67 | E4: ZONA MEDIA | F4: Sin Novedad
B5: 3: Rendición de Cuentas | C5: 0.27 | D5: 0.27 | E5: ZONA BAJA | F5: Sin Novedad
B6: 4: Atención al Ciudadano | C6: 0.19 | D6: 0.19 | E6: ZONA BAJA | F6: Sin Novedad
B7: 5: Transparencia y Acceso a la información | C7: 0.27 | D7: 0.24 | E7: ZONA BAJA | F7: Sin Novedad
B8: 6: Iniciativas adicionales | C8: 0.15 | D8: 0.15 | E8: ZONA BAJA | F8: No se tiene actividades programadas para el primer cuatrimestre 2021

Sheet 1.Riesgos corrupción 
A2: PLAN ANTICORRUPCIÓN Y DE ATENCIÓN AL CIUDADANO 2021
G3: Seguimiento Primer Cuatrimestre | K3: Seguimiento Segundo Cuatrimestre | O3: Seguimiento Tercer Cuatrimestre
A4: Componente 1: Mapa de riesgos de corrupción y medidas para mitigar los riesgos | G4: Seguimiento Primera Línea de Defensa Primer Cuatrimestre | I4: Seguimiento Tercera Línea de Defensa Primer Cuatrimestre | K4: Seguimiento Primera Línea de Defensa Segundo Cuatrimestre | M4: Seguimiento Tercera Línea de Defensa Segundo Cuatrimestre | O4: Seguimiento Primera Línea de Defensa Tercer Cuatrimestre | Q4: Seguimiento Tercera Línea de Defensa Tercer Cuatrimestre
A5: Subcomponente | B5: Acción | C5: Meta o Producto | D5: Indicador | E5: Responsable | F5: Fecha programada | G5: Avance Cuantitativo | H5: Avance Cualitativo | I5: Avance Cuantitativo OCI | J5: Observaciones OCI | K5: Avance Cuantitativo | L5: Avance Cualitativo | M5: Avance Cuantitativo OCI | N5: Observaciones OCI | O5: Avance Cuantitativo | P5: Avance Cualitativo | Q5: Avance Cuantitativo OCI | R5: Observaciones OCI
A6: Subcomponente - Proceso 1: Política de Administración de Riesgos | B6: Recibir la asesoría y acompañamiento del Departamento Administrativo de la Función Pública para la implementación de la Guía de Administración de Riesgos emitida en diciembre de 2020. | C6: Capacitación realizada, actas de reunión y/o correos electrónicos | D6: Número de actividades ejecutadas/Número de actividades planeadas | E6: Oficina Asesora de Planeación. | F6: 44316 | G6: =+(0.6) -> 0.6 | H6: Mediante radicado 20215000080581 del 8-ma-21 (soporte a) fue aprobado por parte del DAFP la asesoría y acompañamiento en el temade riesgos para el Ministerio del Deporte, la cual esta conformada por cautro (4) hitos de los cuales se ha ejecutado: - El 14-abr-21 fue realizada una capacitación directamente por el DAFP a los Líderes y Enlaces de los Procesos del Ministerio en la nueva Guía de Administración de Riesgos (soporte b). - El 30-mar-21 fueron enviados para la ejecución del hito 2 y 3 el proyecto de actualización de la política de riesgos y la caracterización del proceso PE, del cual estamos a la espera de recibir los resultados. (soporte c) - El 16-abr-21 fue enviado el Mapa de Riesgos vigente del Proceso priorizado PE. (soporte c) - El 29-abr-21 se realizó mesa de trabajo donde se recibió retroalimentacion del DAFP y el 30-abr-21 se recibieron el resultado de la revisión de la politica de riesgos y caracterización del proceso priorizado (soporte c). Teniendo en cuenta lo anterior el avance de la actividad esta dado por (3 actividad ejecutada / 5 planeadas)=60% | I6: 0.6 | J6: Se esta adelantando las respectivas asesorias con el DAFP, Se verificaron los soportes de avance | K6: 1 | L6: Durante el segundo cuatrimestre de 2021, se dio continuidad a las actividades en materia de administración del riesgo asi: - 19 de mayo de 2021, se realizo sesión con la asesora del DAFP en materia de administración del riesgo, en donde se reviso aplicación de la metodología aplicada en el proceso priorizado por Mindeporte-Planeación Estratégica. -El 21 de mayo, la asesora del Dafp remitió observaciones del Mapa de riesgos, acta de la sesión y archivo con ejemplos de redacción de riesgos. Una vez realizados los ajustes y aplicada la metodología la Oficina Asesora de Planeación remitió matriz del proceso PE, con la aplicación de la Guia V5 de 2021.El 25 de mayo de 2021, el Dafp remitió revisión de a la matriz del mapa de riesgos del proceso priorizado enviado,en donde se evidencian los ajustes correspondientes a las observaciones, quedando así definido el mapa de riesgos de Planeación Estratégica para la entidad. Teniendo en cuenta lo anterior el cumplimiento de la actividad esta dado por (5 actividades ejecutadas / 5 planeadas)=100% | M6: 1 | N6: En validacion a los soportes que respalda cada una de las actividades de avance se verificó lo siguiente : 1. Se evidencia soportes de reunion "Revisión aplicación metodología en el proceso de Planeación Estratégica" el 19 de mayo con el DAFP 2. Evidencia de retroalimentacipon el 21 de mayo del mapa de riesgo por parte del DAFP 3. Se evidencia que el 25 de mayo 2021 el DAFP envio comunicado que el mapa de riesgo de PE se ajustaba a la guia Construccion de riesgo v5 quedando definitivo. Se cumplen las actcividades y evidencias estan correcta.
B7: Presentar para aprobación del Comité Institucional de Coordinación de Control Interno la Política de Administración del Riesgo del Ministerio del Deporte actualizada. | C7: Un (1) Acta de reunión del Comité Institucional de Coordinación de Control Interno | D7: Número de actas de reunión emitidas/Número de actas de reunión programadas | E7: Oficina Asesora de Planeación. | F7: 44454 | G7: 0 | H7: Sin avance dado que no ha finalizado la asesoría del DAFP y la fecha programada para su finalización no ha vencido. | I7: 0 | J7: Se tiene programado cumplir el 31 mayo 2021 | K7: 0 | L7: Se solicito ampliación de fecha de cumplimiento de la actividad para reporte y cumplimiento de la misma en el mes de septiembre de 2021. Lo anterior dado que al surgir cambios al interior del Ministerio, a la fecha no se ha convocado a Comité Institucional de Control Interno. Como avance para el segundo cuatrimestre y gestión en el desarrollo de la actividad, se adjunta correo electrónico e información,en donde el día 24 de mayo de 2021, se solicito a la Oficina de Control Interno temas a incluir por parte de la Oficina Asesora de Planeación, que incluye: aprobación de Actualización de la Política de Administración del Riesgo bajo la Guía Administración del Riesgo v.5 del DAFP. | M7: 0 | N7: Se realizó cambio al cumplimiento de la activifdad la cual pasó del 31 de mayo de 2021 al 15 septiembre de 2021. con aprobacion del jefe de OAP y publicado en la pagaina web de MIndeporte de igual forma se evidencia la politica de gestión de riesgo en sus version 5 , la cual va ser incluida dentro de los temas del proximo comite de coordinacion de control interno. la OAP envió comunicado a la OCI para incluir dentro de los temas de la proxima sesion del CICI
B8: Actualizar la Política de Administración del Riesgo del Ministerio del Deporte de acuerdo con la versión vigente de la Guía de Administración del Riesgo emitida por el DAFP. | C8: Una (1) política actualizada en ISOLUCION | D8: Número de documentos actualizados en ISOLUCION / Número de documentos proyectados | E8: Oficina Asesora de Planeación. | F8: 44469 | G8: 0 | H8: Sin avance dado que no ha finalizado la asesoría del DAFP y no se ha presentado al CICCI y la fecha programada para su finalización no ha vencido. | I8: 0 | J8: Se tiene programado cumplir el 30 Junio 2021 | K8: 0 | L8: Se solicito ampliación de fecha de cumplimiento de la actividad para reporte y cumplimiento de la misma en el mes de septiembre de 2021. Lo anterior dado que al surgir cambios al interior del Ministerio, a la fecha no se ha convocado a Comité Institucional de Control Interno. Como avance para el segundo cuatrimestre y gestión en el desarrollo de la actividad, se adjunta correo electrónico e información,en donde el día 24 de mayo de 2021, se solicito a la Oficina de Control Interno temas a incluir por parte de la Oficina Asesora de Planeación, que incluye: aprobación de Actualización de la Política de Administración del Riesgo bajo la Guía Administración del Riesgo v.5 del DAFP. | M8: 0 | N8: Se evidencia aprobacion de ampliacion para el 30 de septiembre y publiccado en la pagina web, toda vez que no se ha convocado la seiguiente sesion de Comité de control interno.
B9: Actualizar el procedimiento de administración del riesgo de la entidad y el formato del mapa de riesgos de acuerdo con la versión vigente de la Guía de Administración del Riesgo emitida por el DAFP. | C9: Un (1) procedimiento y un (1) formato actualizados en ISOLUCION | D9: Número de documentos actualizados en ISOLUCION / Número de documentos proyectados | E9: Oficina Asesora de Planeación. | F9: 44469 | G9: 0.5 | H9: El 4-mar-21 fue aprobado en ISOLUCION la versión actualizada del procedimiento Administración de Riesgos GO-PD-011 versión 1 (soporte d) Esta pendiente la actualización en ISOLUCIÓN del formato del mapa de riesgos. Teniendo en cuenta lo anterior el avance de la actividad esta dado por (1 documento actualizado / 2 documentos proyectados)=50% | I9: 0.5 | J9: Se tiene programado cumplir el 30 Junio 2021 | K9: 0.5 | L9: Se solicito ampliación de fecha de cumplimiento de la actividad para reporte y cumplimiento de la misma en el mes de septiembre de 2021. Lo anterior dado que al surgir cambios al interior del Ministerio, a la fecha no se ha convocado a Comité Institucional de Control Interno. Como avance para el segundo cuatrimestre y gestión en el desarrollo de la actividad, se adjunta correo electrónico e información,en donde el día 24 de mayo de 2021, se solicito a la Oficina de Control Interno temas a incluir por parte de la Oficina Asesora de Planeación, que incluye: aprobación de Actualización de la Política de Administración del Riesgo bajo la Guía Administración del Riesgo v.5 del DAFP. Teniendo en cuenta lo anterior el avance de la actividad se da de acuerdo a lo reportado en el primer cuatrimestre (1 documento actualizado / 2 documentos proyectados)=50% Lo anterior teniendo en cuenta que el formato del mapa de riesgos se encuentra vinculado al documento política de admon de riesgo que se someterá a aprobación por parte del CICCI. | M9: 0.5 | N9: Se evidencia aprobacion de ampliacion para el 30 de septiembre y publiccado en la pagina web, toda vez que no se ha convocado la siguiente sesion de Comité de control interno.
B10: Socializar la Política, procedimiento y formato asociado con la Administración del Riesgo del Ministerio del Deporte. | C10: Emisión de una (1) pieza de comunicación Entérate cada trimestre, para un total de cuatro (4) en el año | D10: Número de piezas emitidas/Número de piezas proyectadas en el año | E10: Oficina Asesora de Planeación. | F10: 5-mar-21 8-jun-21 30-sep-21 15-dic-21 | G10: =+(0.25) -> 0.25 | H10: El 8-mar-21 fue publicada en la Intranet Institucional la pieza de Comunicación Enteráte sobre la Política de Administración de Riesgos vigente. (soporte e) Teniendo en cuenta lo anterior el avance de la actividad esta dado por (1 pieza emitida / 4 piezas proyectadas)=25% | I10: 0.25 | J10: Se evidencia publicacion en la Intranet de la politica de admnistracion del Riesgo | K10: 0.5 | L10: El 28 de mayo de 2021 fue publicado en la intranet institucional la pieza de comunicación Entérate sobre la socialización del procedimiento de admninistración del riesgo GO-PD-011. Teniendo en cuenta lo anterior el avance de la actividad esta dado por (2 piezas emitidas/4 piezas proyectadas)=50% | M10: 0.5 | N10: Se cumple con las segunda publicacion en la intenet de la politica de admnistracion del riesgo el 28 de Mayo de 2021
B11: Realizar mesas de trabajo con los responsables y/o enlaces de cada uno de los procesos de la Entidad, para socializar la aplicación de la política, procedimiento y formato de administración del riesgo actualizados.. | C11: Mesas de trabajo realizadas con cada proceso de la Entidad | D11: Número de procesos socializados/Número de total de procesos | E11: Oficina Asesora de Planeación | F11: 44484 | G11: 0 | H11: Sin avance dado que no ha finalizado la asesoría del DAFP y no se ha actualizado en ISOLUCION la política y formato de riesgos y la fecha programada para su finalización no ha vencido. | I11: 0 | J11: Se tiene programado cumplir el 30 Julio 2021 | K11: 0 | L11: Se solicito ampliación de fecha de cumplimiento de la actividad para reporte y cumplimiento de la misma en el mes de octubre de 2021. Lo anterior dado que al surgir cambios al interior del Ministerio, a la fecha no se ha convocado a Comité Institucional de Control Interno y no se a aprobado por parte de la alta dirección los documentos para iniciar con la socialización y ejecutar la actividad. Como avance para el segundo cuatrimestre y gestión en el desarrollo de la actividad, se adjunta correo electrónico e información,en donde el día 24 de mayo de 2021, se solicito a la Oficina de Control Interno temas a incluir por parte de la Oficina Asesora de Planeación, que incluye: aprobación de Actualización de la Política de Administración del Riesgo bajo la Guía Administración del Riesgo v.5 del DAFP. | M11: 0 | N11: Se evidencia solicitud de ampliacion de plazo para el 15 de octubre de 2021 , misma aprobada por la Jefe de OAP y publicada en la pagina Web de Mindeporte
A12: Subcomponente - Proceso 2: Construcción del Mapa de Riesgos de Corrupción | B12: Formular el mapa de riesgos institucional de corrupción de la vigencia 2021. | C12: Un (1) mapa de Riesgos de Corrupción Institucional 2021 | D12: Número de documentos formulados / Número de documentos proyectados | E12: Líderes de Proceso / Oficina Asesora de Planeación | F12: 44225 | G12: 1 | H12: Se formuló el mapa de riesgos institucional de corrupción de la vigencia 2021 el cual fue publicado en la página web de la Entidad el 29-ene-21 en el link: https://www.mindeporte.gov.co/index.php?idcategoria=99279 Teniendo en cuenta lo anterior el avance de la actividad es 100% | I12: 1 | J12: Se evidencia publicacion del mapa de riesgo en la Pag Web del 29 de enero 2021 | K12: 1 | L12: Actividad cumplida en el primer cuatrimestre de 2021. | M12: 1 | N12: Actividad Cumplida en el primer Cuatrimestre 2021
B13: Brindar apoyo y asesoría en la identificación y valoración de riesgos de corrupción a los procesos de la Entidad, de acuerdo con lo requerimientos recibidos. | C13: Mesas de tabajo realizadas de acuerdo a lo requerido por los procesos de la Entidad | D13: Número de mesas de trabajo realizadas / Número de requerimentos recibidos | E13: Oficina Asesora de Planeación | F13: 44545 | G13: 1 | H13: El GIT de Planeación y Gestión asesoró en la actualizacion de los mapas de riesgos 2021 a dieciocho (18) procesos de la Entidad a traves de las mesas de trabajo ejecutadas en el primer cuatrimestre 2021, tal como consta en correos electrónicos, teams o actas de reunion (soporte f). | I13: 1 | J13: Se realizó 18 mesas de trabajo en diferentes procesps de asesoria en los mapas de riesgos de la entidad | K13: 1 | L13: Para el segundo cuatrimestre, no se recibieron requerimientos de los procesos frente a mesas de trabajo para la identificación de nuevos riesgos de corrupción. Se anexan correos emitidos por los enlaces desde la Oficina Asesora de Planeación. | M13: 1 | N13: De acuerdo a los correos de seguimiento de la OAP no se evidenció requerimientos de los procesos
B14: Actualizar los riesgos de corrupción de los procesos de acuerdo con la politica y procedimiento actualizados, asi como los resultados de la implementación de los planes de tratamiento definidos para los riesgos en caso de requerirse. | C14: Un (1) mapa de Riesgos de Corrupción Institucional actualizado | D14: Número de documento publicado / Número de documento proyectado | E14: Líderes de Proceso / Oficina Asesora de Planeación | F14: 44484 | G14: 0 | H14: Sin avance dado que no ha finalizado la asesoría del DAFP y no se ha actualizado en ISOLUCION la política y formato de riesgos. | I14: 0 | J14: Se tiene programado cumplir el 15 Dic 2021 | K14: 0 | L14: Se solicito ampliación de fecha de cumplimiento de la actividad para reporte y cumplimiento de la misma . Lo anterior dado que al surgir cambios al interior del Ministerio, a la fecha no se ha convocado a Comité Institucional de Control Interno y no se a aprobado por parte de la alta dirección los documentos para iniciar con la socialización y ejecución de la actividad. | M14: 0 | N14: Se realizó modificación a la fecha de cumplimiento el cual quedo para el 15 de octubre de 2021 , aprobado por el Jefe de la OAP y publicado en la pagina web de Mindeporte
B15: Presentar al CICG Del Contexto estratégico instirtucional 2021, de acuerdo a las solicitudes realizadas a los líderes de proceso. | C15: Contexto Institucional Actualizado | D15: Número de documento actualizado / Número de documentos proyectados | E15: Líderes de Proceso / Oficina Asesora de Planeación | F15: 44316 | G15: 0 | H15: Esta en revisión los ajustes recibidos de parte de los Líderes de Proceso, una vez sean consolidados se presentaran al CIDG. | I15: 0 | J15: En acta Sesión Ordinaria N° 1 del 28 de Enero 2021, en el orden del dia se presento en el punto Sexto " Presentación Contexto Extrategico" y se dejo como compromiso que cada lider analizara, y remitiera a OPA algun ajuste de ser necesarios . ( Actividad no se cumplio de acuerdo a la fecha programada) | K15: 1 | L15: En el acta correspondiente a la sesión ordinaria No.3 del Comité Institucional de Gestión y Desempeño CIGD , en el orden del día se presento el numeral 9. Presentación actualización Contexto Estratégico - GIT Planeación y Gestión de la OAP; en donde dicha actualización fue sometida a aprobación por parte de los miembros del Comité. (Ver acta). | M15: 1 | N15: Se evidenció en el Acta Sesion Ordinaria N° 3 del 10 de junio 2021 en el numeral 9 del orden del dia " Presentacion actualización del contexto estrategico para aprobacion , el cual fue aprobado por el Comité de CIGD con 7 votos
A16: Subcomponente - Proceso 3: Consulta y Divulgación | B16: Someter a consulta pública interna y externa el Mapa de Riesgos institucional de Corrupción de la vigencia 2021. | C16: Una (1) Pieza de comunicaciones internas y Una (1) Pieza en la página web | D16: Número de piezas emitidas/Número de piezas proyectadas | E16: Oficina Asesora de Planeación | F16: 44218 | G16: 1 | H16: En el mes de enero de 2021 fue publicada una pieza comunicaciones internas la cual fue enviada a los correos electrónicos (soporte g) y una pieza en la página web (soporte h). Teniendo en cuenta lo anterior el avance de la actividad esta dado por (2 piezas emitidas / 2 piezas proyectadas)=100% | I16: 1 | J16: Se evidencia soporte de comunicación en la Intranet el 25 de enero 2021 de la publicacion Foro del PAYAC 2021 y se evidencia aportes de la ciudadania , adicional este fue publicado en la Web el 29 de enero de 2021 | K16: 1 | L16: Actividad cumplida en el primer cuatrimestre de 2021. | M16: 1 | N16: Actividad Cumplida en el primer Cuatrimestre 2021
B17: Publicar el Mapa de Riesgos institucional de Corrupción de la vigencia 2021. | C17: Publicación en pagina web institucional | D17: Número de documento publicado / Número de documentos proyectados | E17: Oficina Asesora de Planeación | F17: 44225 | G17: 1 | H17: El 29-ene-21 fue publicado en la página web de la Entidad los riesgos de corrupción en el link: https://www.mindeporte.gov.co/index.php?idcategoria=99279 Teniendo en cuenta lo anterior el avance de la actividad es 100% | I17: 1 | J17: El maoa de riesgo se publico el 29 de enero de 2021 cumpliendo con las fechas estipuladas por ley | K17: 1 | L17: Actividad cumplida en el primer cuatrimestre de 2021. | M17: 1 | N17: Actividad Cumplida en el primer Cuatrimestre 2021
B18: Realizar la(s) actualización(es) de la publicación del mapa de riesgos institucional de corrupción cuando sea requerido de acuerdo con la politica y procedimiento actualizados, asi como los resultados de la implementación de los planes de tratamiento definidos para los riesgos en caso de requerirse. | C18: Publicación en pagina web | D18: Número de documento publicado / Número de documentos que requieren actualizacion | E18: Oficina Asesora de Planeación | F18: 44545 | G18: 1 | H18: Teniendo en cuenta la actualización de los Planes de Tratamiento de Riesgos 2021, se realizó la actualización del mapa de riesgos de corrupción publicado en la pagina web de la Entidad en la ruta: https://www.mindeporte.gov.co/index.php?idcategoria=99279 | I18: 1 | J18: Se evidencia actualizacion del MRC el 27 de abril 2021 en la pagina WEB de Mindeporte, de acuerdo a la actualizacion de los planes de tratamientos | K18: 1 | L18: Teniendo en cuenta la actualización de controles en los riesgos de algunos procesos con corte 31 de agosto de 2021, se realizó la actualización del mapa de riesgos de corrupción publicado en la pagina web de la Entidad en la ruta: https://www.mindeporte.gov.co/index.php?idcategoria=99279 | M18: 1 | N18: Se evidencia que el mapa de riesgos presentó modificacion y publicacion de la nueva versión en la pagina web de Mindeporte el 31 de agosto 2021
A19: Subcomponente - Proceso 4: Monitoreo o revisión | B19: Realizar el monitoreo y el reporte de avances en la administración de los riesgos por proceso de la Entidad. | C19: Mapa de riesgos de cada proceso con el reporte de monitoreo cuatrimestral | D19: (Número de procesos*monitoreos realizados) / (Número de procesos *Número de monitoreos proyectados) | E19: Líderes de Proceso | F19: 23-abr-21 20-ago-21 20-dic-21 | G19: 0.33 | H19: Los diecinueve (19) procesos del Ministerio del Deporte realizaron el monitoreo de riesgos y reportaron los resultados del primer cuatrimestre de 2021. | I19: 0.33 | J19: Se encuentra actualizado y publicado en ISOLUCION de los 19 MRC de los procesos existente en Mindeporte | K19: 0.6666 | L19: Los diecinueve (19) procesos del Ministerio del Deporte realizaron el monitoreo de riesgos y reportaron los resultados del segundo cuatrimestre de 2021. Evidencia: Ruta Sharepoint https://coldeportes.sharepoint.com/:f:/r/sites/oficinaasesoraplaneacion/Documentos%20compartidos/OAP/2.%20GIT%20Planeaci%C3%B3n%20y%20Gesti%C3%B3n/RIESGOS/Mapa%20de%20Riesgos%202021/Monitoreos%202021/2do%20cuatrimestre%202021/3.%20Monitoreo%202Cuatrimestre_Publicar?csf=1&web=1&e=9ZErtG | M19: 0.6666 | N19: Se evidencia el cargue de los mapas de riesgo de diecinueve (19) procesos en ISOLUCION con el seguimiento del 2do cuatrimestre 2021
B20: Realizar el seguimiento al monitoreo reportado por los líderes de los procesos. | C20: Consolidado de monitoreo cuatrimestral realizado por los procesos | D20: Número de Reportes consolidado / Número de reportes proyectados | E20: Oficina Asesora de Planeación | F20: 7-may-21 3-sep-21 31-dic-21 | G20: 0 | H20: El resultado del seguimiento reportado por los Líderes de Procesos será remitido a la Oficina de Control Interno en los primeros días hábiles del mes de mayo de 2021, de acuerdo con lo solicitado por dicha dependencia. | I20: 0 | J20: Se tiene programado cumplir el 7 mayo 2021 | K20: 0.6667 | L20: Se dio respuesta a la Oficina de Control Interno, mediante Radicado 2021IE0002403_ frente al Monitoreo correspondiente al primer Cuatrimestre de 2021 del Plan Anticorrupción y de Atención al Ciudadano y Mapas de Riesgos. Teniendo en cuenta lo anterior, el avance de la actividad se da de acuerdo a lo reportado en el primer y segundo cuatrimestre asi:(2 reportes consolidados / 3 reportes proyectados)=66,67% | M20: 0.6666 | N20: Se evidencian soportes de seguimiento y reporte a la OCI
A21: Subcomponente -Proceso 5: Seguimiento | B21: En forma cuatrimestral realizar seguimiento al Mapa de Riesgos de Corrupción de la vigencia 2021 para lo cual se emitirara informes y su publicacion. | C21: Dos (2) Informes | D21: Número de Informes realizados/Número de Informes proyectados | E21: Oficina de Control Interno | F21: 15-05-2021 14-09-2021 | G21: 0 | I21: 0 | J21: Se tiene programada la actividad para mayo y septiembre de 2021 | K21: 0.5 | L21: De acuerdo con lo establecido en el Plan Anual de Auditoria Interna -PAAI de la vigencia 2021 aprobado por el Comité Institucional de Coordinación de Control Interno el 06 de abril de 2021, se dio cumpllimiento al primer informe relacionado con el seguimiento al Mapa de Riesgos de Corrupción, memorando radicado a través del aplicativo de gestión documental Gesdoc N° 2021IE0002910 del 14-may-2021. | M21: 0.5 | N21: Con memorando 2021IE0002910 del 14 de amyo de 2021 la OCI proyecto informe final al seguimiento al Plan Anticorrupcion y de Atención al Ciudadano ( PAYAC) y MRC del 1 de enero al 31 de abril de 2021
G22: =SUM(G6:G21) -> 6.68
G23: 15 | I23: 15
G24: =+G22/G23 -> 0.44533333 | I24: =+I22/I23 -> 0

Sheet 2.Racionalización
A1: PLAN ANTICORRUPCIÓN Y DE ATENCIÓN AL CIUDADANO 2021
G3: Seguimiento Primer Cuatrimestre | K3: Seguimiento Segundo Cuatrimestre | O3: Seguimiento Tercer Cuatrimestre
A4: 2. Racionalización de Trámites | G4: Seguimiento Primera Línea de Defensa Primer Cuatrimestre | I4: Seguimiento Tercera Línea de Defensa Primer Cuatrimestre | K4: Seguimiento Primera Línea de Defensa Segundo Cuatrimestre | M4: Seguimiento Tercera Línea de Defensa Segundo Cuatrimestre | O4: Seguimiento Primera Línea de Defensa Tercer Cuatrimestre | Q4: Seguimiento Tercera Línea de Defensa Tercer Cuatrimestre | T4: Programación Meta Acumulativa
A5: Subcomponente | B5: Actividades | C5: Meta o producto | D5: Indicador | E5: Responsable | F5: Fecha | G5: Avance Cuantitativo | H5: Avance Cualitativo | I5: Avance Cuantitativo OCI | J5: Observaciones OCI | K5: Avance Cuantitativo | L5: Avance Cualitativo | M5: Avance Cuantitativo OCI | N5: Observaciones OCI | O5: Avance Cuantitativo | P5: Avance Cualitativo | Q5: Avance Cuantitativo OCI | R5: Observaciones OCI | S5: Fecha reprogramada | T5: 1er bimestre ene-feb | U5: 2do bimestre mar-abr | V5: 3ro bimestre may-jun | W5: 4to bimestre jul-ago | X5: 5to bimestre sep-oct | Y5: 6to bimestre nov-dic
A6: Subcomponente 1: Identificación de Trámites | B6: Realizar Diagnóstico de los trámites y servicios en línea ofrecidos por el Ministerio del Deporte. | C6: Un (1)Documento de Diagnóstico Realizado | D6: Número de diagnósticos realizados/Número de diagnósticos planeados | E6: Oficina Asesora de Planeación y Líderes de Proceso | F6: 44286 | G6: 1 | H6: Se realizó informe diagnóstico para la construcción de la estrategia de racionalización de trámites del Ministerio del Deporte Vigencia 2021. Fecha del informe: 24 de marzo de 2021. Para la elaboración del Diagnóstico se realizaron sesiones virtuales con los responsables de los trámites Dirección de Inspección Vigilancia y Control, Dirección de Posicionamiento y Liderazgo Deportivo, GIT Centro de Alto rendimiento y GIT TICs. | I6: 1 | J6: Se realizó Diagnostico de los tramites y servicios en linea ofrecidos por ministerio, se priorizaron 6 Tramites y 2 OPAS | K6: 1 | L6: Actividad cumplida durante el primer cuatrimestre de 2021. | M6: 1 | N6: Se evidencia que la actividad se cumplió en el 1er. Cuatrimestre de la vigencia 2021 | S6: N/A | T6: 0 | U6: 1 | V6: 1 | W6: 1 | X6: 1 | Y6: 1
A7: Subcomponente 2: Priorización de Trámites | B7: Formular la Estrategia de trámites de Acuerdo con los resultados obtenidos en el diagnóstico y realizar su registro en el aplicativo SUIT. | C7: Un (1) documento de Estrategia de trámites formulada | D7: Número de documentos de estrategias realizadas/Número de estrategias planeadas | E7: Oficina Asesora de Planeación y Líderes de Proceso | F7: 44316 | G7: 1 | H7: Se formulo la estrategia de racionalización de trámites para la vigencia 2021 y se registró en el aplicativo SUIT (Sistema Único de Información de Trámites). La estrategia fue cargada el día 29 de marzo de 2021 con el acompañamiento del DAFP. Se anexan evidencias y la estrategia registrada puede ser consultada en SUIT. | I7: 1 | J7: Se Evidencia cargue de la estrategia en el aplicativo SUIT, el 29 de marzo , sin embargo esta debio cargarse por tardar el 31 de Enero 2021 como lo indica la guia estrategia de corrupcion - plan anticorrupcion y atencion al ciudadano | K7: 1 | L7: Actividad cumplida durante el primer cuatrimestre de 2021. | M7: 1 | N7: Se evidencia que la actividad se cumplió en el 1er. Cuatrimestre de la vigencia 2021 | S7: N/A | T7: 0 | U7: 1 | V7: 1 | W7: 1 | X7: 1 | Y7: 1
A8: Subcomponente 3: Racionalización de Trámites | B8: Ejecutar las actividades definidas en la Estrategia de Racionalización de Trámites registrada en el aplicativo SUIT. | C8: 100% de la ejecución de acciones de racionalización de la Estrategia Antitrámites | D8: Número de acciones de racionalización realizadas de la estrategia de trámites /Número de acciones de racionalización programadas de la estrategia de trámites | E8: Oficina Asesora de Planeación y Líderes de Proceso | F8: 44530 | G8: 0 | H8: La actividad tiene por fecha de reporte el 30 de noviembre de 2021. Se realizo seguimiento cuatrimestral en el Sistema Unico de Información de Trámites SUIT con corte 30 de abril de 2021. Los Planes de Trabajo y actas de las reuniones realizadas, se anexan como evidencia del cumplimiento de dicho seguimiento registrado en el aplicativo. | I8: 0 | J8: El reporte de cierre esta para el 30 de noviembre 2021 , Por parte de la OCI se realizó seguimiento y evaluacion a las avances de las actividades que se tienen establecidas de acuerdo al plan de trabajo deseñado para 6 Tramites y 2 OPAS | K8: 0.59 | L8: * La actividad tiene por fecha de reporte el 30 de noviembre de 2021. * Durante el segundo cuatrimestre se incluyo en la estrategia antitrámites una nueva OPA para racionalizar, la OPA que se incluyo fue "Análisis de muestras nacionales e internacionales" y su racionalización se cumplió en este periodo. * Durante el periodo evaluado se han venido desarrollando las actividades establecidas en la estrategia antitrámites y los planes de trabajo asociados a cada trámite. * El avance de la estrategia antitrámites se puede consultar en el aplicativo SUIT * Las evidencias del avance de la estrategia antitrámites se pueden consultar en el share point de la OAP en la ruta https://coldeportes.sharepoint.com/sites/oficinaasesoraplaneacion/Documentos%20compartidos/Forms/AllItems.aspx?viewid=4730f7e4%2Df92c%2D4902%2D9b0e%2Da4b5eb0bd3fe&id=%2Fsites%2Foficinaasesoraplaneacion%2FDocumentos%20compartidos%2FOAP%2F2%2E%20GIT%20Planeaci%C3%B3n%20y%20Gesti%C3%B3n%2FPAAC%2F2021%2FReporte%5Fseguimiento%5FPAYAC%5F2021%2F2do%20Cuatrimestre%5F%20PAAC2021%2F2%2EComp2%5FRacionalizaci%C3%B3n%5FTr%C3%A1mites%2FSubcomp%5F3%2FAct%5F1 | M8: 0.5944 | N8: Se evidencia que la actividad tiene como fecha de cumplimiento el 30 de noviembre. Así mismo es importante señalar que la Oficina de Control Interno, como tercera línea de defensa realizó el seguimiento a los avances registrados en el SUIT, para el 2do cuatrimestre de 2021 | S8: N/A | T8: 0 | U8: 0 | V8: 0 | W8: 0 | X8: 0 | Y8: 2
G9: =SUM(G6:G8) -> 2 | S9: N° Actividades | T9: =SUM(T6:T8) -> 0 | U9: =SUM(U6:U8) -> 2 | V9: =SUM(V6:V8) -> 2 | W9: =SUM(W6:W8) -> 2 | X9: =SUM(X6:X8) -> 2 | Y9: =SUM(Y6:Y8) -> 4
G10: 3 | S10: Meta Avance | T10: =+T9/$Y$9 -> 0 | U10: =+U9/$Y$9 -> 0.5 | V10: =+V9/$Y$9 -> 0.5 | W10: =+W9/$Y$9 -> 0.5 | X10: =+X9/$Y$9 -> 0.5 | Y10: =+Y9/$Y$9 -> 1
G11: =+G9/G10 -> 0.66666667 | I11: =+I9/I10 -> #DIV/0!

Sheet 3.Rendición de Cuentas
A2: PLAN ANTICORRUPCIÓN Y DE ATENCIÓN AL CIUDADANO 2021
G3: Seguimiento Primer Cuatrimestre | K3: Seguimiento Segundo Cuatrimestre | O3: Seguimiento Tercer Cuatrimestre
A4: Componente 3: Rendición de cuentas | G4: Seguimiento Primera Línea de Defensa Primer Cuatrimestre | I4: Seguimiento Tercera Línea de Defensa Primer Cuatrimestre | K4: Seguimiento Primera Línea de Defensa Segundo Cuatrimestre | M4: Seguimiento Tercera Línea de Defensa Segundo Cuatrimestre | O4: Seguimiento Primera Línea de Defensa Tercer Cuatrimestre | Q4: Seguimiento Tercera Línea de Defensa Tercer Cuatrimestre | T4: Programación Meta Acumulativa
A5: Subcomponente | B5: Acción | C5: Meta o producto | D5: Indicador | E5: Responsable | F5: Fecha programada | G5: Avance Cuantitativo | H5: Avance Cualitativo | I5: Avance Cuantitativo OCI | J5: Observaciones OCI | K5: Avance Cuantitativo | L5: Avance Cualitativo | M5: Avance Cuantitativo OCI | N5: Observaciones OCI | O5: Avance Cuantitativo | P5: Avance Cualitativo | Q5: Avance Cuantitativo OCI | R5: Observaciones OCI | T5: 1er bimestre ene-feb | U5: 2do bimestre mar-abr | V5: 3ro bimestre may-jun | W5: 4to bimestre jul-ago | X5: 5to bimestre sep-oct | Y5: 6to bimestre nov-dic
A6: Subcomponente 1 Información de calidad y en lenguaje comprensible | B6: Realizar el ejercicio de caracterización de los ciudadanos, usuarios y grupos de interés, de la vigencia 2020 | C6: 29 documentos de caracterización actualizados | D6: Número de caracterizaciones de ciudadanos actualizadas/Número de caracterizaciones de ciudadanos programadas | E6: Todas las dependencias y/o GIT MinDeporte, bajo la articulación de G.I.T Servicio Integral al Ciudadano. | F6: 44438 | G6: 0 | H6: En el periodo reportado no se ha iniciado la ejecución de la actividad Aunque se adelantaron algunas acciones para poder iniciar con el levantamiento de las caracterizaciones: 1. Se enviaron diez (10) memorandos a las Direcciones Técnicas y Secretaria General comunicando el inicio de los ejercicios de caracterización con cronograma de cumplimiento. 2. Reunión con la Oficina Asesora de Planeación para el establecimiento conjunto del objetivo de la caracterización para la vigencia 2020 y brindar insumos para la Estrategia de Rendición de Cuentas 2021. Reportando la ficha de caracterización para la identificación de los grupos de valor. Se adjunta acta de reunión. 3. Se informó cronograma de fechas de cumplimiento del ejercicio de caracterización a las dependencias. Se adjuntan memorandos. 4. El día 13 de abril de 2020, se iniciaron las sesiones de acompañamiento. Se adjuntan dos (2) actas. 5. Se envío pieza de comunicación por la intranet para sensibilizar a las dependencias de la importancia de incluir en los instrumentos de recolección de información, variables que permitan identificar las características de los ciudadanos, usuarios y/o grupos de interés. | I6: 0 | J6: se tiene programada el cumplimiento de la actividad para el 30 de agosto, sin embargo se evidencia avances de actividades. | K6: 1 | L6: Se actualizaron los documentos de caracterización de ciudadanos, usuarios y grupos de interes por las dependencias respnsables, y el GIT Servicio integral al Ciudadano realizó el acompañamiento. Los 29 documentos de caracterización actualizados se encuentran publicados en la página web de la entidad. link: https://www.mindeporte.gov.co/index.php?idcategoria=100430 | M6: 1 | N6: Se evidencia la actualizacion de 29 grupos de valor y cargados en la pagina web del Mindeporte. ( https://www.mindeporte.gov.co/index.php?idcategoria=100430&pag=2) 1. Actividad Fisica 2. Contratación 3. Deporte Escolar 4. Deporte Social Comunitario 5. Infraestructura 6. Laboratorio Control al dopaje 7. Centro Ciencias del deporte 8. Control Interno Disciplinario 9. Deporte Profesional 10. Deporte Rendimiento Convencional 11. Juegos Intercolegiados 12. Oficina Asesora de Planeacion 13. Centro de Alto Rendimiento 14. Deporte aficionado 15. Deporte de Rendimiento Paralimpico 16. Desarrollo Psicosocial 17. Gestión Financiera y Presupuestal 18. Juegos y Eventos deportivos 19. Oficina Asesora Juridica 20. Oficina de Comunicaciones 21. Organizacional antidopaje 22. Talento Humano 23. Servicios Administrativos 24. Recreación 25. Tesoreria 26. Programas y proyectos Deportivos 27. Servicio Integral al Ciudadano 28. TICS 29. Actuaciones Administrativas | T6: 0 | U6: 0 | V6: 0 | W6: 1 | X6: 1 | Y6: 1
B7: Consolidar información de avance de la estrategia de Rendición de Cuentas y publicar en la pagína web periodicamente mediante Boletines de Gestión. | C7: Tres (3) boletines de gestíón | D7: Número de boletines realizados publicados en la pagina web/Número de boletines programados para publicar en la pagina web | E7: Ofcina Asesora de Planeación - GTI Comunicaciones | F7: 44499 | G7: 0 | H7: En el periodo reportado no se ha iniciado la ejecución de la actividad | I7: 0 | J7: Se tiene programada el cumplimiento de la actividad para el 30 de octubre de 2021 | K7: 0 | L7: En el periodo reportado no se ha iniciado la ejecución de la actividad | M7: 0 | N7: No ha iniciado la actividad, aun esta en tiempo, ( programada para el 30 de octubre 2021) | T7: 0 | U7: 0 | V7: 0 | W7: 0 | X7: 1 | Y7: 1
B8: Informar a la ciudadanía sobre los proyectos y las actividades misionales del Ministerio del Deporte de acuerdo con las funciones otorgadas por Ley, para la vigencia 2021. | C8: Campañas de comunicación para informar a la ciudadanía sobre las acciones realizadas por las áreas misionales durante la vigencia 2021. | D8: Número de campañas realizadas/Número de campañas solicitadas | E8: GIT Comunicaciones | F8: 44530 | G8: 1 | H8: Se han difundido 23 campañas, con 674 productos sobre las acciones de las áreas misionales, despacho del ministro, y viceministerio. https://coldeportes.sharepoint.com/:f:/s/gitcomunicaciones/EgrDjUBjcvlHuBHuF9d4scQBnXGxTImiBZR_v8wUpZHSuA?e=13CsK9 El avance se mide con base en las campañas solicitadas que para los efectos de la medición de el indicador son las campañas programadas, en ese sentido todas las solicitudes fueron atendidas o realizadas y por lo anterior se solicitara el cambio del indicador para dejar claridad sobre las campañas programadas vs solicitadas | I8: 1 | J8: 23 campañas difundidas Evidencia " Proyectos y actividades misionales " | K8: 1 | L8: Se han difundido 48 campañas, con 1.900 productos sobre las acciones de las áreas misionales, despacho del ministro, y viceministerio. El avance se mide con base en las campañas solicitadas que para los efectos de la medición de el indicador son las campañas programadas. Con memorando 2021IE000323, del 27 de mayo, se solicitó el ajuste del indicador de la actividad para que quedará: número de campañas realizadas/número de campañas solicitadas. https://coldeportes.sharepoint.com/:f:/s/gitcomunicaciones/EpzH4VUC5RRIkveT9vV8r2oBe7tmvpNDUK5dOar0juIs0Q?e=SA74ou | M8: 1 | N8: Se evidencia soporte de las 48 campañas en el siguiente link https://coldeportes.sharepoint.com/:f:/s/gitcomunicaciones/EpzH4VUC5RRIkveT9vV8r2oBe7tmvpNDUK5dOar0juIs0Q?e=SA74ou | T8: 0 | U8: 0 | V8: 0 | W8: 0 | X8: 0 | Y8: 1
A9: Subcomponente 2. Dialogo de doble vía con la ciudadania y sus organizaciones. | B9: Realizar la consulta a los grupos de valor para la definición de los temas sobre los cuales abordar la rendición de cuentas. | C9: Un (1) foro con los grupos de valor | D9: Número de foros realizados / Número de foros programados | E9: GIT Servicio Integral al Ciudadano . GIT Comunicaciones con el apoyo de todos los GIT de MinDeporte. | F9: 44316 | G9: 1 | H9: Foro planeado, formulado y publicado el día 23 de abril de 2021 a partir del trabajo conjunto entre el GIT Servicio al Ciudadano, GIT Comunicaciones y la Oficina Asesora de Planeación. Evidencias: Foro publicado en: https://www.mindeporte.gov.co/index.php?idcategoria=99945 Documento soporte de trabajo donde se recopilo la información a tener en cuenta para priorizar los temas del foro | I9: 1 | J9: Se evidencia foro Publicado en : https://www.mindeporte.gov.co/index.php?idcategoria=99945 | K9: 1 | L9: Actividad cumplida durante el primer cuatrimestre de 2021. | M9: 1 | N9: Actividad Cumplida en el primer Cuatrimestre 2021 | T9: 0 | U9: 1 | V9: 1 | W9: 1 | X9: 1 | Y9: 1
B10: Realizar la Audiencia Pública de Rendición de Cuentas de la Vigencia 2020 | C10: Una (1)Audiencia Pública | D10: Número de audiencias públicas realizadas / Número de audiencias públicas programadas | E10: Todas las Areas del Ministerios / Lidera Oficina Asesora de Planeación y G.I.T Comunicaciones | F10: 44438 | G10: 0 | H10: En el periodo reportado no se ha iniciado la ejecución de la actividad | I10: 0 | J10: Se tiene programado cuplir para el 30 de agosto 2021 | K10: 1 | L10: El 30 de junio se llevó a cabo la Audiencia Pública de Rendición de Cuentas a través de Canal Trece y Facebook Live de Mindeporte https://www.facebook.com/watch/live/?v=507708580455493&ref=watch_permalink https://www.youtube.com/watch?v=BZ4NkdUkZs8 En la intranet institucional se creo un espacio para difundir los videos y piezas gráficas. Intranet: https://coldeportes.sharepoint.com/sites/IntranetInstitucional/SitePages/Rendici%C3%B3n-de-cuentas-2021.aspx?CT=1627576776281&OR=OWA-NT&CID=23472d97-2d5e-2ff5-b033-befcdd5ac81e | M10: 1 | N10: Se evidencia que para el 30 de junio 2021 se realizó audiencia publica atra ves de facelive en el siguiente link https://www.facebook.com/watch/live/?v=507708580455493&ref=watch_permalink https://www.youtube.com/watch?v=BZ4NkdUkZs8 De igual se comprueba que de acuerdo al siguiente link se creo el espacio para difundir videos y piezas publicitarias en la intranet https://coldeportes.sharepoint.com/sites/IntranetInstitucional/SitePages/Rendici%C3%B3n-de-cuentas-2021.aspx?CT=1627576776281&OR=OWA-NT&CID=23472d97-2d5e-2ff5-b033-befcdd5ac81e | T10: 0 | U10: 0 | V10: 0 | W10: 1 | X10: 1 | Y10: 1
B11: Implementar mecanismos de información para la participación de los grupos de valor caracterizados y la ciudadanía | C11: Diseñar e implementar un (1) plan de comunicaciones para la Estrategia de Rendición de Cuentas de la vigencia. | D11: Número de planes de comunicacion implementados/ Número de planes de comunicaciones programados | E11: GIT Comunicaciones/ Oficina Asesora de Planeacion | F11: 44545 | G11: 0.4 | H11: Se elaboró el Plan de Comunicaciones que se implementará para la vigencia 2021 y el 22 de febrero se envió por parte de Comunicaciones al enlace designado en la OAP. https://coldeportes.sharepoint.com/:f:/s/gitcomunicaciones/EhlanifTHMNMhJLwbUHl0Q0BBtvkdjZtzZY2GpeJJX9orw?e=IVjnfd | I11: 0.4 | J11: Se Evidencia Avances de Comunicación de rendicion de cuentas | K11: 0.7 | L11: Se avanza en el cumplimimiento del Plan de Comunicaciones de la vigencia, que hace parte de la rendición de cuentas. https://coldeportes.sharepoint.com/:f:/s/gitcomunicaciones/Er0J5NmWHE5CvarPaSAUVRsBUlnPsgKuPhlmy7z21HnbVg?e=CQ5eAh | M11: 0.7 | N11: Se continua el avance de la comunicación de rendicion de cuentas la cual se eevidencia en el siguiente link https://coldeportes.sharepoint.com/:f:/s/gitcomunicaciones/Er0J5NmWHE5CvarPaSAUVRsBUlnPsgKuPhlmy7z21HnbVg?e=CQ5eAh | T11: 0 | U11: 0 | V11: 1 | W11: 1 | X11: 1 | Y11: 1
B12: Generar espacios de rendición de cuentas con grupos de valor | C12: Difusión de las convocatorias sobre ejercicios de rendición de cuentas | D12: Número de convocatorias difundidas/Número de ejercicios de rendición de cuentas programadas en la estrategia | E12: GIT Comunicaciones con los reportes de todos los GIT de MinDeporte. | F12: 44530 | G12: 0 | H12: A la fecha esta actividad no ha iniciado su ejecución ya que la Estrategia de la Rendición de Cuentas se encuentra en construcción por parte de la OAP. | I12: 0 | J12: Se tiene programado cuplir para el 30 de Nov 2021 | K12: 0.3 | L12: Se hizo la difusión de las convocatorias sobre ejercicios de rendición de cuentas del Viceministerio (Nueva Ley del Deporte), Fomento, Secretaría General (Foro permanente) y la Audiencia Pública de Rendición de Cuentas. https://coldeportes.sharepoint.com/:f:/s/gitcomunicaciones/EmImNQQqu3JFq-bXMwMSIb0Ble4jUXxDzE6UBsHr43FMHg?e=eMA2cz | M12: 0.3 | N12: Se evidencia foros virtules de rendiciones de cuenta , for regionales de socializacion de la nueva ley del deporte Evidencia siguiente link https://coldeportes.sharepoint.com/:f:/s/gitcomunicaciones/EmImNQQqu3JFq-bXMwMSIb0Ble4jUXxDzE6UBsHr43FMHg?e=eMA2cz | T12: 0 | U12: 0 | V12: 0 | W12: 0 | X12: 0 | Y12: 1
C13: Publicación de los informes sobre las conclusiones generadas en cada encuentro de diálogo con los grupos de valor. | D13: Número de informes publicados /Número de informes generados de ejercicios de rendición de cuentas | E13: GIT Comunicaciones con los reportes de todos los GIT de MinDeporte. | F13: 44530 | G13: 0 | H13: A la fecha esta actividad no ha iniciado su ejecución ya que la Estrategia de la Rendición de Cuentas se encuentra en construcción por parte de la OAP. | I13: 0 | J13: Se tiene programado cuplir para el 30 de Nov 2021 | K13: 0.3 | L13: Se publicarón los informes sobre las conclusiones generadas en cada encuentro de diálogo con los grupos de valor, a través de notas de prensa del Viceministerio, Fomento, Secretaría General y la Audiencia Pública de Rendición de Cuentas. https://coldeportes.sharepoint.com/:f:/s/gitcomunicaciones/EuUXnlVoJaVIvi_mP0yY2C0BQeC0lW-o4L-sfXcxc7lSdg?e=KRWQcC | M13: 0.3 | N13: Se evidencia publicacion sobre las conclusiones de cada encuentro | T13: 0 | U13: 0 | V13: 0 | W13: 0 | X13: 0 | Y13: 1
C14: Espacios de socialización e interacción con la ciudadanía dispuestos desde las plataformas y canales electrónicos del Ministerio | D14: : Número de espacios de socialización dispuestos en plataforma / número de espacios de socialización e interacción solicitados. | E14: GIT Comunicaciones/Servicio Integral al Ciudadano | F14: 44530 | G14: 1 | H14: Se han difundido 4 foros en la página Web. Se llevaron a cabo 16 Facebook Live https://coldeportes.sharepoint.com/:f:/s/gitcomunicaciones/Eu_dOAdFO6VOse2DnPq-bMAB51W3Xbv7ngq8GakVR4ecdA?e=mtbZFQ El avance se mide con base en los espacios solicitados que para los efectos de la medición de el indicador son los espacios programados en la plataforma, en ese sentido todas las solicitudes de espacios fueron dispuestos en la plataforma y por lo anterior se solicitara el cambio del indicador para dejar claridad sobre los espacios programados vs solicitados | I14: 1 | J14: Se presenta espacios de socializacion a travez de foros en la pagina del Mindeporte ( 1. Foro proyecto del PAYAC 2021 el 25 de enero 2021, 2) Foro de la Nueva Ley del Deporte 2021 ) el 5 de febrero 3) Consulta Publica del Proyecto de Decreto reglamentatario de la Ley 1946 de 2019) el 12 de febrero 4) Consulta Publica Decreto Becas por Imptos 16 de febrero 5) Foro de priorizacion de temas audiencia publica de rendicion de cuentas el 23 abril hasta el 14 de amyo 6. Encuentas de Percepcion de Calidad, siobre tema de transparencia el 20 de abril | K14: 1 | L14: Se presenta espacios de socialización a través de foros en la página web de Mindeporte. 12 en total en lo corrido del año. Entre mayo y agosto 6 foros: (1. Foro de Audiencia Pública de Rendición de Cuentas, el 23 de abril. Foro Informe Rendición de Cuentas 2020-2021, el 17 de junio. Foro Decreto reglamentario para la ley 2084. el 23 de junio. Proyectos de acto administrativo, el 2 de agosto. Foro de rendición de cuentas Secretaría General 2021, el 4 de agosto y Foro de consulta y aportes al proyecto de la política institucional de Servicio al Ciudadano, el 5 de agosto. Se llevaron a cabo 56 Facebook Live, donde participa la ciudadanía. El avance se mide con relación a las solicitudes realizadas por las áreas, que en su totalidad fueron atendidas. Con memorando 2021IE000323, del 27 de mayo, se solicitó el ajuste del indicador de la actividad para que quedará: Número de espacios de socialización dispuestos en plataforma / número de espacios de socialización e interacción solicitados. https://coldeportes.sharepoint.com/:f:/s/gitcomunicaciones/Er0nyYwwCH9MsBISB0m0C3EBexUldgxtfGWqoQuNqacY8Q?e=UEfFQa | M14: 0.3 | N14: Se evidencia 5 foros realizados de mayo a agosto 1. Foro Informe Rendición de Cuentas 2020-2021 2. Foro Decreto reglamentario para la ley 2084, el cual se publicó el 23 de junio 3. Proyectos de acto administrativo, se pe publicó el 02 de agosto 4. Foro de rendición de cuentas Secretaría General 2021Se publicó el 04 de agosto 5. Foro de consulta y aportes al proyecto de la política institucional de Servicio al Ciudadano Ver evidencia siguiente link https://coldeportes.sharepoint.com/:f:/s/gitcomunicaciones/Er0nyYwwCH9MsBISB0m0C3EBexUldgxtfGWqoQuNqacY8Q?e=UEfFQa | T14: 0 | U14: 0 | V14: 0 | W14: 0 | X14: 0 | Y14: 1
A15: Subcomponente 3 Incentivos para motivar la cultura de la rendición y petición de cuentas | B15: Realizar campañas de comunicación interna sobre la importancia de la Rendición de Cuentas | C15: Dos (2) campañas realizadas | D15: Número de campañas realizadas/Número de campañas programadas | E15: Oficina Asesora de Planeación / GIT Comunicaciones | F15: 44530 | G15: 0.5 | H15: Se llevó a cabo la primera fase, de la primera campaña de Rendición de Cuentas, con 9 piezas gráficas publicadas y socializadas a través de la intranet. https://coldeportes.sharepoint.com/:f:/s/gitcomunicaciones/EnAACt_387FEsmUBHSL6FdwBBnyyPD1zHe5rEt0OH9q1OQ?e=oqfU3h | I15: 0.5 | J15: Se evidencio campañas publicitaria en la intranet sobre rendicion de cuentas | K15: 1 | L15: Se llevarom a cabo dos campañas de comunicación interna sobre la importancia de la Rendición de Cuentas, durante el año. Una en el segundo cuatrimestre. Se publicaron y socializaron 15 piezas gráficas en la intranet. https://coldeportes.sharepoint.com/:f:/s/gitcomunicaciones/EvBhRmwJTMNBnq_HZsK8-MABQwQq8siSYAuT5OuYMzOQmA?e=n8J8oS | M15: 1 | N15: Se evidencia la publicacion y socializacion de 15 piezas graficas en la Inteanet para el segundo cuatrimestre 2021. Ver evidencia en siguiente link https://coldeportes.sharepoint.com/:f:/s/gitcomunicaciones/EvBhRmwJTMNBnq_HZsK8-MABQwQq8siSYAuT5OuYMzOQmA?e=n8J8oS | T15: 0 | U15: 0 | V15: 0 | W15: 0 | X15: 0 | Y15: 1
A16: Subcomponente 4 Evaluación y retroalimentación a la gestión institucional | B16: Consolidar y publicar el informe de acciones de la audiencia pública | C16: Un (1 )informe publicado y socializado de la audiencia pública | D16: Número de informes publicados/Número de informes consolidados | E16: Oficina Asesora de Planeación / GIT Comunicaciones | F16: 44530 | G16: 0 | H16: En el periodo reportado no se ha iniciado la ejecución de la actividad | I16: 0 | J16: Se tiene programado cuplir para el 30 de Nov 2021 | K16: 1 | L16: El informe publicado contiene la relación del total de acciones en comunicación realizadas en las etapas de convocatoria, ejecución y evaluación de la audiencia pública de rendición de cuentas, se incluye los resultados del foro de consulta a la ciudadanía, convocatoria grupos de valor, resultados de encuesta de percepción y respuestas a la ciudadanía de las preguntas consignadas durante el foro y la transmisión. https://coldeportes.sharepoint.com/:f:/s/gitcomunicaciones/EgM9fYZUEZRAvJ7h25sGUecBfc3rwINNounospN2ihLElQ?e=yc5AXS El informe fue publicado y socializado en la página web del Ministerio en la siguiente ruta https://www.mindeporte.gov.co/recursos_user/2021/Comunicaciones/Agosto/Informe_de_acciones_Audiencia_P%C3%BAblica_de_Rendici%C3%B3n_de_Cuentas_2020-2021.pdf | M16: 1 | N16: Se evidencia la publicacion del informe de acciones de comunicación " Audiencia Pública de Rendición de cuentas 2020- 2021 Evidencia siguiente link https://www.mindeporte.gov.co/recursos_user/2021/Comunicaciones/Agosto/Informe_de_acciones_Audiencia_P%C3%BAblica_de_Rendici%C3%B3n_de_Cuentas_2020-2021.pdf | T16: 0 | U16: 0 | V16: 0 | W16: 0 | X16: 0 | Y16: 1
B17: Realizar seguimiento y evaluación de la Estrategia de rendición de cuentas | C17: Un (1 )informe de seguimiento a las actividades de la Estrategia de Rendición de Cuentas publicados en la página web | D17: Número de informes de seguimiento elaborados/Número de informes de seguimiento programados | E17: Oficina Asesora de Planeación | F17: 44545 | G17: 0 | H17: En el periodo reportado no se ha iniciado la ejecución de la actividad | I17: 0 | J17: Se tiene programado cuplir para el 15 de dic 2021 | K17: 0 | L17: En el periodo reportado no se ha iniciado la ejecución de la actividad | M17: 0 | N17: Aun no ha iniciado la actividad, esta programada para el 15 de diciembre de 2021 | T17: 0 | U17: 0 | V17: 0 | W17: 0 | X17: 0 | Y17: 1
B18: Realizar un ejercicio de rendición de cuentas sobre la gestión contractual, financiera, de trámite y gestión de peticiones del Ministerio. | C18: Un (1) foro con los grupos de valor | D18: Número de foros realizados con los grupos de valor/ Número de foros programados con los grupos de valor | E18: Secretaría General- GIT Financiera, GIT Contratación y GIT Servicio al Ciduadano | F18: 44530 | G18: 0 | H18: Se tiene programado un foro para cumplir la estrategia de rendición de cuentas y se espera desarrollarlo en el segundo semestre. En el periodo reportado no se ha iniciado la ejecución de la actividad | I18: 0 | J18: Se tiene programado cuplir para el 30 de Nov 2021 | K18: 0.5 | L18: 1. Se inicia el ejercicio de Rendición de cuentas de la Secretaría General a partir del 2 de agosto de 2021, se diseña formulario de inscripción y libreto de presentación. Se publica convocatoria a participar a los grupos de interés en la página web banner principal del ministerio, enlace https://www.mindeporte.gov.co/index.php?idcategoria=100761&amp;ne&amp;inf=0 e intranet y a través de correos masivos. El foro cierra el 30 de octubre de 2021 | M18: 0.5 | N18: Se evidencia en la pagina web de Mindeporte la publicacion de la convocatoria a participar en " Gestió Contraactual , Ejecuciones presupuestales mensuales vigencia 2021, Estados Financieros año 2021 e informe trimestrales de gestión Servicio integral al ciudadano Evidencia siguiente link https://www.mindeporte.gov.co/index.php?idcategoria=100761&amp;ne&amp;inf=0 e intranet y a través de correos masivos. El foro cierra el 30 de octubre de 2021 | T18: 0 | U18: 0 | V18: 0 | W18: 0 | X18: 0 | Y18: 1
B19: Identificar las oportunidades de mejora, resultado de la evaluación de ejercicios de Rendicion de cuentas y documentar los planes de accion que sean adecuados | C19: Un (1) documento con oportunidades de mejora y recomendaciones. | D19: Número de documentos de oportunidades de mejora realizados/ Número de documentos de oportunidades de mejora programados | E19: Oficina Asesora de Planeación. GIT Servicio Integral al ciudadano | F19: 44530 | G19: 0 | H19: En el periodo reportado no se ha iniciado la ejecución de la actividad | I19: 0 | J19: Se tiene programado cuplir para el 30 de Nov 2021 | K19: 0 | L19: En el periodo reportado no se ha iniciado la ejecución de la actividad | M19: 0 | N19: Aun no ha iniciado la actividad, esta programada para el 30 de noviembre de 2021 | T19: 0 | U19: 0 | V19: 0 | W19: 0 | X19: 0 | Y19: 1
B20: Elaborar y publicar el informe de rendición de cuentas de la vigencia 2020 con relación a los compromisos adquiridos y acciones realizadas en el marco del Acuerdo de Paz. | C20: Un (1)Informe de seguimiento a los Acuerdos de Paz | D20: Número de Informes de seguimiento a los Acuerdos de Paz realizados y publicados/ Número de Informes de seguimiento a los Acuerdos de Paz programados | E20: Oficina Asesora de Planeación- GIT Comunicaciones | F20: 44316 | G20: 1 | H20: Se publicó informe de seguimiento a los Acuerdos de Paz 2020 el día 29 de abril de 2021 en la pagina web del Ministerio. https://www.mindeporte.gov.co/index.php?idcategoria=98234 | I20: 1 | J20: Se evidencio informe de acuerdo de paz publicado en la pagina web de mindeporte del periodo de enero a diciembre 2020 | K20: 1 | L20: Actividad cumplida durante el primer cuatrimestre de 2021. | M20: 1 | N20: Actividad Cumplida en el primer Cuatrimestre 2021 | T20: 0 | U20: 1 | V20: 1 | W20: 1 | X20: 1 | Y20: 1
B21: Consolidar y publicar el informe de acciones de la audiencia pública, y documentar las debilidades y fortalezas de la entidad en ejercicio de rendición de cuentas del año 2021. | C21: Un (1) Informe publicado y socializado | D21: Número de informes realizados consolidados y publicados/Número de informes programados | E21: Oficina Asesora de Planeación- GITComunicaciones | F21: 44530 | G21: 0 | H21: En el periodo reportado no se ha iniciado la ejecución de la actividad | I21: 0 | J21: Se tiene programado cuplir para el 30 de Nov 2021 | K21: 0 | L21: El informe se publicará en el mes de noviembre de 2021 | M21: 0 | N21: Aun no ha iniciado la actividad, esta programada para el 30 de noviembre de 2021 | T21: 0 | U21: 0 | V21: 0 | W21: 0 | X21: 0 | Y21: 1
B22: Realizar seguimiento a los avances de las acciones realizadas durante el año 2021 relacionados con la implementación del Acuerdo de Paz asignados al Ministerio del Deporte. | C22: Un (1)Informe de Seguimiento a los avances del Acuerdos de Paz | D22: Número de informes de seguimiento a los avances de acuerdos de paz realizados /Número de informes de seguimiento a los avances de acuerdos de paz programados | E22: Oficina Asesora de Planeación | F22: 44561 | G22: 0 | H22: En el periodo reportado no se ha iniciado la ejecución de la actividad | I22: 0 | J22: Se tiene programado cuplir para el 31 de dic 2021 | K22: 0 | L22: En el periodo reportado no se ha iniciado la ejecución de la actividad | M22: 0 | N22: Aun no ha iniciado la actividad, esta programada para el 31 de diciembre de 2021 | T22: 0 | U22: 0 | V22: 0 | W22: 0 | X22: 0 | Y22: 1
B23: Realizar la evaluacion de las actividades suscritas en el componente de rendición de cuentas en el marco del seguimiento al Plan Anticorrupción y de Atención al Ciudadano. | C23: Dos (2) Informes | D23: Número de Informes realizados/Número de Informes proyectados | E23: Oficina de Control Interno | F23: 15/05/2021 14/09/2021 | G23: 0 | H23: De acuerdo con lo establecido en el Plan Anual de Auditoria Interna de la vigencia 2021 aprobado por el Comité Institucional de Coordinación de Control Interno y lo indicado en el documento Estrategias para la Construcción del Plan Anticorrupción y de Atención al Ciudadano de la Presidencia de la República, la OCI dará cumplimiento al primer informe en la fecha establecida. Teniendo en cuenta lo anterior, el avance se reporta en 0%. | I23: 0 | J23: Se tiene programado cuplir para el 15 de mayo y 14 de septiembre 2021 | K23: 0.5 | L23: De acuerdo con lo establecido en el Plan Anual de Auditoria Interna -PAAI de la vigencia 2021 aprobado por el Comité Institucional de Coordinación de Control Interno el 06 de abril de 2021, se dio cumpllimiento al primer informe relacionado con el componente de rendición de cuentas en el marco del seguimiento al Plan Anticorrupción y de Atención al Ciudadano, memorando radicado a través del aplicativo de gestión documental Gesdoc N° 2021IE0002234 del 19-abr-2021. | M23: 0.5 | N23: Con memorando 2021IE0002234 del 19 de abril de 2021 la OCI proyecta el informe final al " Seguimiento Normativo a la Rendicion de cuentas vigencia 2020- 2021. | T23: 0 | U23: 0 | V23: 0.5 | W23: 0.5 | X23: 2 | Y23: 2
G24: =SUM(G6:G23) -> 4.9 | S24: N° Actividades | T24: =SUM(T6:T23) -> 0 | U24: =SUM(U6:U23) -> 2 | V24: =SUM(V6:V23) -> 3.5 | W24: =SUM(W6:W23) -> 5.5 | X24: =SUM(X6:X23) -> 8 | Y24: =SUM(Y6:Y23) -> 19
G25: 18 | S25: Meta Avance | T25: =+T24/$Y$24 -> 0 | U25: =+U24/$Y$24 -> 0.10526316 | V25: =+V24/$Y$24 -> 0.18421053 | W25: =+W24/$Y$24 -> 0.28947368 | X25: =+X24/$Y$24 -> 0.42105263 | Y25: =+Y24/$Y$24 -> 1
G26: =+G24/G25 -> 0.27222222 | I26: =+I24/I25 -> #DIV/0!

Sheet 4.Atencion al Ciudadano
A2: PLAN ANTICORRUPCIÓN Y DE ATENCIÓN AL CIUDADANO 2021
G3: Seguimiento Primer Cuatrimestre | K3: Seguimiento Segundo Cuatrimestre | O3: Seguimiento Tercer Cuatrimestre
A4: Componente 4: Atención al ciudadano | G4: Seguimiento Primera Línea de Defensa Primer Cuatrimestre | I4: Seguimiento Tercera Línea de Defensa Primer Cuatrimestre | K4: Seguimiento Primera Línea de Defensa Segundo Cuatrimestre | M4: Seguimiento Tercera Línea de Defensa Segundo Cuatrimestre | O4: Seguimiento Primera Línea de Defensa Tercer Cuatrimestre | Q4: Seguimiento Tercera Línea de Defensa Tercer Cuatrimestre | V4: Programación Meta Acumulativa
A5: Subcomponente | B5: Acción | C5: Meta o producto | D5: Indicador | E5: Responsable | F5: Fecha programada | G5: Avance Cuantitativo | H5: Avance Cualitativo | I5: Avance Cuantitativo OCI | J5: Observaciones OCI | K5: Avance Cuantitativo | L5: Avance Cualitativo | M5: Avance Cuantitativo OCI | N5: Observaciones OCI | O5: Avance Cuantitativo | P5: Avance Cualitativo | Q5: Avance Cuantitativo OCI | R5: Observaciones OCI | V5: 1er bimestre ene-feb | W5: 2do bimestre mar-abr | X5: 3ro bimestre may-jun | Y5: 4to bimestre jul-ago | Z5: 5to bimestre sep-oct | AA5: 6to bimestre nov-dic
A6: Subcomponente 1 Estructura administrativa y Direccionamiento estratégico | B6: Diseñar el modelo para el desarrollo de la Cultura de Servicio en el Ministerio del Deporte | C6: Un (1) Documento del diseño del modelo | D6: Documento de diseño elaborado/Documento de diseño programado | E6: GIT Servicio Integral al Ciudadano | F6: 44408 | G6: 0.05 | H6: La propuesta de Modelo de Servicio se encuentra en revisión. Se remite adjunto el documento como evidencia | I6: =+G6 -> 0.05 | J6: La acción presenta avance del 5% y se encuentra con fecha de corte a 31 de Julio de 2021 | K6: 1 | L6: El documento fue elaborado y revisado. Se remite adjunto como evidencia. | M6: 1 | N6: Se evidencia que se elaboro el modelo para el desarrollo de la Cultura de Servicio en el Ministerio del Deporte. | V6: 0 | W6: 0 | X6: 0 | Y6: 1 | Z6: 1 | AA6: 1
B7: Formular y adoptar la Política de Servicio al Ciudadano y de Participación Ciudadana del sector deporte, recreación, actividad física y aprovechamiento del tiempo libre con horizonte a 2024, con base en el Plan Estratégico Institucional - PEI. | C7: Un (1) documento de la politica formulada | D7: Documento de Política elaborada/ Documento de Política programada | E7: GIT Servicio Integral al Ciudadano | F7: 44530 | G7: 0 | H7: La política se encuentra en elaboración | I7: 0 | J7: La acción se encuentra con fecha de corte a 30 de Noviembre de 2021 | K7: 0.8 | L7: Se formuló la politica y se puso bajo consulta ciudadana en foro que cerró el pasado 19 de agosto de 2021. El documento ajustado se presentará al comité de gestión y desempeño para su aprobación y posterior adopción. Se adjunta el documento de politica ajustado como evidencia. | M7: 1 | N7: Se evidencia que se elaboró y aprobó la Política de Servicio al Ciudadano y de Participación Ciudadana del sector deporte, recreación, actividad física y aprovechamiento del tiempo libre con horizonte a 2024, con base en el Plan Estratégico Institucional - PEI. | V7: 0 | W7: 0 | X7: 0 | Y7: 0 | Z7: 0 | AA7: 1
B8: Solicitar concepto al Departamento Administrativo de la Función Pública , frente a la creación de la Oficina de Relación con el Ciudadano de conformidad con el artículo 17 de la Ley 2052 de 2020 vs la estuctura actual del GIT de Servicio al Ciudadano. | C8: Un (1) concepto solicitado al DAFP | D8: Concepto solicitado/Concepto programado | E8: Oficina Asesora de Planeación | F8: 44285 | G8: 1 | H8: El día 25 de marzo de 2021, se solicito concepto al Departamento Administrativo de la Función Pública vía correo electrónico institucional frente a la creación de la Oficina de Relación con el Ciudadano de conformidad con el artículo 17 de la Ley 2052 de 2020 vs la estuctura actual del GIT de Servicio al Ciudadano. Se anexa correo de la solicitud realizada. | I8: =+G8 -> 1 | J8: Esta actividad se cumplió en la fecha programada. | K8: 1 | L8: Actividad cumplida durante el primer cuatrimestre de 2021. | M8: 1 | N8: Se evidencia que la actividad se cumplió en el 1er. Cuatrimestre de la vigencia 2021 | V8: 0 | W8: 1 | X8: 1 | Y8: 1 | Z8: 1 | AA8: 1
A9: Subcomponente 2 Fortalecimiento de los canales de atención | B9: Implementar mejoras a los sistemas de información; que permitan el seguimiento a peticiones incompletas y a negaciones de acceso a la información. | C9: Dos (2)mejoras implementadas en GESDOC | D9: Número de mejoras en GESDOC implementadas/Número de mejoras en GESDOC programadas | E9: GIT Servicio Integral al Ciudadano / GIT Gestión Administrativa | F9: 44469 | G9: 0.5 | H9: * Envío de la comunicación EE directamente desde GESDOC al correo del peticionario, en la que se incluyen más de dos direcciones de correo. * Notificaciones al correo del ciudadano para todos los casos de radicación (radicación física, correo electrónico y pagina web) * En el módulo de reportes se implementó el de “almacenamiento”, desde el cual se hace seguimiento al uso del espacio en el servidor. | I9: =+G9 -> 0.5 | J9: La acción presenta avance del 50% y se encuentra con fecha de corte a 30 de Junio de 2021 | K9: 0.75 | L9: Se estan en pruebas con mesa de soporte para la implementación de alertas tempranas Se espera que la implementación ocurra en el mes de septiembre. *Ajustes en el reporte ER (Excel) con nuevas columnas, una de ellas específicamente “Documento que lo responden”, para identificar con qué número de radicado EE fue respondido. * Actualización del tamaño permitido de envío de las comunicaciones y sus anexos a los correos de los peticionarios a través de GESDOC y actualización del mensaje respectivo, de igual forma en dicho mensaje se advierte el parámetro permitido cuando existen dos direcciones de correo. * Sub-módulo de seguimiento para las comunicaciones enviadas desde GESDOC al correo de los ciudadanos, de modo que se permita confirmar el envío exitoso o no de la misma para tomar luego las acciones que correspondan * Implementación (en pruebas) módulo “Cargue de Documentos”, a través del cual se podrá subir a GESDOC información masiva para archivarse en la TRD de la dependencia que corresponda. | M9: 0.75 | N9: La actividad presenta fecha de corte a 30 de Septiembre de 2021 . Se evidencia mejoras en el aplicativo Gesdoc (Ajustes en el reporte ER (Excel) con nuevas columnas, una de ellas específicamente “Documento que lo responden”, para identificar con qué número de radicado EE fue respondido; Actualización del tamaño permitido de envío de las comunicaciones y sus anexos a los correos de los peticionarios; Sub-módulo de seguimiento para las comunicaciones enviadas desde GESDOC al correo de los ciudadanos) | V9: 0 | W9: 0 | X9: 1 | Y9: 1 | Z9: 1 | AA9: 1
B10: Realizar capacitación en el curso de lenguaje claro brindado por el Departamento Nacional de Planeación | C10: Una (1) capacitación realizada en curso de lenguaje claro incluido | D10: Número de capacitaciones realizadas en el curso de lenguaje claro/Número de capacitaciones programadas en el curso de lenguaje claro | E10: GIT Talento Humano | F10: 44377 | G10: 0 | H10: No se reporta avance dado que la fecha de corte de la actividad esta definida para el segundo cuatrimestre de 2021. | I10: 0 | J10: La acción se encuentra con fecha de corte a 30 de Junio de 2021 | K10: 1 | L10: Se promovió a través de piezas de comunicación lla realización del curso de lenguaje claro a funcionarios y contratistas en los meses de marzo y junio de 2021. Como resultado 38 funcionarios culminaron el proceso. Teniendo en cuenta lo anterior el avance de la actividad esta dado por (1 capacitación realizada en lenguaje claro/1 capacitación programada en el curso de lenguaje claro=100% | M10: 1 | N10: Se evidencia que 38 funcionarios realizaron el curso en Lenguaje Claro | V10: 0 | W10: 0 | X10: 1 | Y10: 1 | Z10: 1 | AA10: 1
B11: Realizar la actualización y publicación de la carta del trato digno. | C11: Un (1) documento actualizado y publicado en la página web | D11: Número de documentos actualizados y publicados en la página web/Número de documentos programados | E11: GIT Servicio Integral al Ciudadano | F11: 44346 | G11: 1 | H11: Actualización y pubicación de la carta del trato digno 2021: https://www.mindeporte.gov.co/recursos_user/2021/Servicio_Integral_al_Ciudadano/Marzo/CARTA_DEL_TRATO_DIGNO_AL_CIUDADANO_-_MINDEPORTE-_2021.pdf | I11: =+G11 -> 1 | J11: Esta actividad se cumplió en el 1er. Cuatrimestre de la vigencia 2.021 | K11: 1 | L11: Actividad cumplida durante el primer cuatrimestre de 2021. | M11: 1 | N11: Se evidencia que la actividad se cumplió en el 1er. Cuatrimestre de la vigencia 2021 | V11: 0 | W11: 0 | X11: 1 | Y11: 1 | Z11: 1 | AA11: 1
B12: Diseñar y aplicar una encuesta de percepción de calidad, sobre Transparencia y acceso a la información en su sitio Web oficial | C12: Un (1) informe de los resultados de la aplicación de la encuesta | D12: Número de Informes realizados/Número de Informes programados | E12: GIT Servicio Integral al Ciudadano | F12: 44438 | G12: 0.5 | H12: Encuesta diseñada y publicada en pagina web: https://www.mindeporte.gov.co/index.php?idcategoria=95933 | I12: =+G12 -> 0.5 | J12: La acción presenta avance del 50% y se encuentra con fecha de corte a 30 de Agosto de 2021 | K12: 1 | L12: Encuesta diseñada y publicada. Informe con los resultados: https://www.mindeporte.gov.co/index.php?idcategoria=100516 | M12: 1 | N12: Se evidencia la publicación del Informe de percepción de calidad del servicio - Transparencia y acceso a la información Pública 2.021 en la página web institucional | V12: 0 | W12: 0 | X12: 0 | Y12: 1 | Z12: 1 | AA12: 1
B13: Divulgar los protocolos de atención de servicio al ciudadano del Ministerio con el personal de vigilancia de la entidad. | C13: Una (1) capacitación realizada | D13: Número de capacitaciones realizadas/Número de capacitaciones programadas | E13: GIT Servicio Integral al Ciudadano | F13: 44469 | G13: 0 | H13: En el periodo reportado no se ha realizado la actividad. | I13: 0 | J13: La acción se encuentra con fecha de corte a 30 de Junio de 2021 | K13: 1 | L13: Capacitacion realizada el 18 de junio de 2021 por teams, como evidencia se tiene el registro de asistencia. Se remite adjunto. | M13: 1 | N13: Se evidencia que se realizó la capacitación de los protocolos de atención de servicio al ciudadano del Ministerio en el 2do cuatrimestre de 2.021 | V13: 0 | W13: 0 | X13: 1 | Y13: 1 | Z13: 1 | AA13: 1
B14: Promocionar los mecanismos con los que cuenta el ciudadano para la presentación de denuncias por actos de corrupción. | C14: Una (1) campaña de promoción de información por la página web | D14: Campañas realizadas/Campañas programadas | E14: GIT Servicio Integral al Ciudadano | F14: 44438 | G14: 0 | H14: Para el inicio de campaña de promoción, se encuentra en elaboración la pieza comunicativa, por lo que la campaña se ejecutará en el segundo cuatrimestre. | I14: 0 | J14: La acción se encuentra con fecha de corte a 30 de Junio de 2021 | K14: 1 | L14: En coordinación con GIT. Comunicaciones se elabora pieza gráfica y video para promoción a través de intranet y redes sociales de la forma como se presentan las denuncias por posibles actos de corrupción ante el ministerio, el cual se publica en el mes de julio del 2021. | M14: 1 | N14: Se evidencia que la campaña de promoción se realizó en el 2do cuatrimestre de 2.021 | V14: 0 | W14: 0 | X14: 1 | Y14: 1 | Z14: 1 | AA14: 1
A15: Subcomponente 3 Talento Humano y Atención al ciudadano | B15: Elaborar, de manera coordinada con las distintas dependencias, los calendarios de eventos del Ministerio en la vigencia 2021, para efectos de su publicación en página web. | C15: Dos (2) Calendarios de eventos publicado en la pagina web según reporte de las direcciones técnicas | D15: Número de Calendarios de eventos publicados en la pagina web /Número de Calendarios programados | E15: GIT Servicio Integral al Ciudadano/ GIT Comunicaciones | F15: 44530 | G15: 1 | H15: Se elaboró el calendario de eventos de MINDEPORTES 2021, con base en la información enviada por las diferentes direcciones y fue publicado, se encuentra sujeto a cambios. Así mismo se publicaron los calendarios de la Direcciones de Posicionamiento y Fomento y Desarrollo https://www.mindeporte.gov.co/index.php?idcategoria=96363 | I15: =+G15 -> 1 | J15: Esta actividad se cumplió en el 1er. Cuatrimestre de la vigencia 2.021 | K15: 1 | L15: Actividad cumplida durante el primer cuatrimestre de 2021. | M15: 1 | N15: Se evidencia que la actividad se cumplió en el 1er. Cuatrimestre de la vigencia 2021 | V15: 0 | W15: 0 | X15: 0 | Y15: 0 | Z15: 0 | AA15: 1
B16: Formular y publicar el Plan de Participación Ciudadana de la vigencia del Ministerio del Deporte | C16: Un plan de participación publicado en la página web | D16: Número de Planes publicados/Número de planes programados | E16: GIT Servicio Integral al Ciudadano | F16: 44377 | G16: 0 | H16: Ya se conformó el equipo de trabajo lider de participación ciudadana 2021 designado por cada jefe de dependencia y se realizaron mesas de trabajo para la estructuración del plan de participación de manera coordinada y conjunta. Se encuentra pendiente someter a la ciudadania y al comité de gestión de desempeño para su aprobación y publicación. Por lo que la publicación se realizará en el segundo cuatrimestre. | I16: 0 | J16: La acción se encuentra con fecha de corte a 30 de Mayo de 2021 | K16: 1 | L16: Se formuló el plan de Participación Ciudadana 2021 de manera conjunta con todas las dependencias de la entidad y fue aprobado por el comité de gestión de desempeño, en la sesión No. 3 adelantada el 10 de junio de 2021. El documento del plan aprobado, se encuentra publicado en la pagina web de la entidad bajo este lnk: https://www.mindeporte.gov.co/index.php?idcategoria=100196 | M16: 1 | N16: Se evidencia que se formuló y publicó el Plan de Participación Ciudadana de la vigencia del Ministerio del Deporte, en el 2do cuatrimestre de 2.021 | V16: 0 | W16: 0 | X16: 1 | Y16: 1 | Z16: 1 | AA16: 1
B17: Desarrollar los ejercicios de participación ciudadana establecidos en el Plan de Participación Ciudadana de la entidad. | C17: 100% de reportes de ejecución de EPC publicados en la página web oficial | D17: Número de Reportes de ejecución de EPC publicados en la página web oficial/Número de Reportes de ejecución de EPC generados | E17: GIT responsables de ejecución de los ejercicios de participación en el Plan de Participación Ciudadana bajo la articulación de G.I.T Servicio Integral al Ciudadano. | F17: 44545 | G17: 0 | H17: Dado que el plan de la vigencia no se encuentra publicado, no es posible contar con el reporte formal de los ejercicios de participación. | I17: 0 | J17: La acción se encuentra con fecha de corte a 15 de Diciembre de 2021 | K17: 0.6 | L17: Dado que el seguimiento se efectua de manera trimestral, se encuentra que a junio 30 de 2021, la entidad de los 46 ejercicios de participación programados en el plan de participación ciudadana 2021, ejecutado un total de quince (15) de los ejercicios programados, uno (1) de ellos de forma parcial, lo que corresponde a un avance de ejecución del plan de participación acumulado total del 31.5%. Se adjunta documento de seguimiento. los reportes de ejecución de los ejercicios de participación se publican en el siguiente enlace: https://www.mindeporte.gov.co/index.php?idcategoria=99608 | M17: 0.6 | N17: La actividad presenta fecha de corte a 15 de diciembre de 2021 . Se evidencia que en el enlace de seguimiento " https://www.mindeporte.gov.co/index.php?idcategoria=99608" a los reportes del plan de participación acumulado total, estan disponible en la página web. | V17: 0 | W17: 0 | X17: 0 | Y17: 0 | Z17: 0 | AA17: 1
B18: Implementar espacios de participación para la construcción del Plan de Acción 2022 de la entidad, en conjunto con los GIT Servicio Integral al ciudadano y Comunicaciones | C18: Un (1) foro realizado | D18: Número de foros realizados/Número de foros programados | E18: Oficina Asesora de Planeación | F18: 44545 | G18: 0 | H18: En el periodo reportado no se ha iniciado la ejecución de la actividad. | I18: 0 | J18: La acción se encuentra con fecha de corte a 15 de Diciembre de 2021 | K18: 0 | L18: En el periodo reportado no se ha iniciado la ejecución de la actividad. | M18: 0 | N18: La actividad presenta fecha de corte a 15 de diciembre de 2021 y no presenta avances en la ejecución | V18: 0 | W18: 0 | X18: 0 | Y18: 0 | Z18: 0 | AA18: 1
B19: Gestionar asesoria con las entidades correspondientes, en alguno de los siguientes temas: *Discapacidad física *Discapacidad psicosocial (mental) o intelectual (cognitiva) *Grupos étnicos | C19: un (1) acta de reunión con el registro de la asesoría brindada por las entidades. | D19: Número de actas de asesorias brindadas por las entidades/Número de actas de asesorias programadas por las entidades | E19: GIT - Servicio Integral al Ciudadano | F19: 44469 | G19: 0 | H19: En el periodo reportado no se ha iniciado la ejecución de la actividad. | I19: 0 | J19: La acción se encuentra con fecha de corte a 30 de Septiembre de 2021 | K19: 0 | L19: 1. Fisica y psicosocial:El día 12 de mayo de 2021 se envío comunicación bajo radicado 2021IE0002830, consecuente se recibió comunicación 2021IE0003560 del 9 de junio de 2021. El día 10 de junio de 2021 se realizó un sesión virtual para establecer las pautas para la capacitación de las personas con discapacidad mental e intelectual. Se tiene previsto realizar una segunda sesión para el día 1 de julio de 2021 para definir la programación de la capacitación. 2. Grupos etnicos: El día 12 de mayo de 2021 se envio comunicación de solcitud de asesoría en temas de enfoque diferencial para grupos étnicos mediante radicado No. 2021EE0009218 al Ministerio del Interior. SE ADJUNTAN EVIDENCIAS DE LA GESTIÓN DE ASESORIA. Se espera en el proximo cuatrimestre realizar el reporte de las asesorias | M19: 0 | N19: La actividad presenta fecha de corte a 30 de Septiembre de 2021 y presenta avances cualitativos en la ejecución, según radicados: 2021IE0002830; 2021EE0009218. | V19: 0 | W19: 0 | X19: 0 | Y19: 0 | Z19: 1 | AA19: 1
B20: Realizar una adecuación física a la sede de la entidad de acuerdo con la NTC 6047, de acuerdo al diagnóstico existente. | C20: una (1) adecuación física realizada | D20: Número de adecuaciones realizadas/Número de adecuaciones programadas | E20: GIT Gestión Administrativa | F20: 44545 | G20: 0.35 | H20: Se realizó señalización en el acceso de la emtidad asi como tambien a las zonas de parqueo para personal con movilidad reducida (Silla de ruedas) | I20: =+G20 -> 0.35 | J20: La acción presenta avance del 35% y se encuentra con fecha de corte a 15 de Diciembre de 2021 | K20: 0.35 | L20: Para el presente cuatimestre solo se cuenta con la señalización braille y señalización de zonas de parqueo de personal con movilidad reducida (sillas de ruedas) | M20: 0.35 | N20: La actividad presenta fecha de corte a 15 de diciembre de 2021, en el 2do cuatrimestre se evidencia señalización en el acceso de la entidad así como tambien a las zonas de parqueo para personal con movilidad reducida (Silla de ruedas). | V20: 0 | W20: 0 | X20: 0 | Y20: 0 | Z20: 0 | AA20: 1
B21: Realizar una adecuación tecnológica que permita y facilite la comunicación de personas con discapacidad visual o auditiva conforme a la NTC 5854. | C21: una (1) adecuación tecnólogica realizada | D21: Número de adecuaciones realizadas/Número de adecuaciones programadas | E21: GIT TICs y GIT Comunicaciones | F21: 44545 | G21: 0.05 | H21: Ya se realizarón estudios previos con los requerimientos de las áreas para la vigencia 2021 en la pagina web.( soporte ver estudio previo Micrositio) | I21: =+G21 -> 0.05 | J21: La acción presenta avance del 5% y se encuentra con fecha de corte a 15 de Diciembre de 2021 | K21: 0.2 | L21: Se aprobo el contrato CMT-803-2021 con la empresa Micrositios en el cual se incluyen actividad de implementación de criterio de accesibilidad denidos en la NTC 5854, (Evidencia acta de inicio e Informe de factura). | M21: 0.2 | N21: La actividad presenta fecha de corte a 15 de diciembre de 2021, en el 2do cuatrimestre se evidencia acta de inicio de contrato CMT-803-2021. | V21: 0 | W21: 0 | X21: 0 | Y21: 0 | Z21: 0 | AA21: 1
B22: Formar a los funcionarios en Lengua de Señas Colombiana, con el propósito de desarrollar destrezas y habilidades para comunicarse con la población sorda, contribuir a una atención inclusiva, divulgar la información y ofrecer los servicios prestados por la entidad. | C22: Un (1) curso realizado | D22: Número de cursos realizados/número de cursos programados | E22: GIT Talento Humano | F22: 44545 | G22: 0 | H22: No se reporta avance dado que la fecha de corte de la actividad esta definida para el tercer cuatrimestre de 2021. | I22: 0 | J22: La acción se encuentra con fecha de corte a 15 de Diciembre de 2021 | K22: 0 | L22: No se reporta avance dado que la fecha de corte de la actividad esta definida para el tercer cuatrimestre de 2021. | M22: 0 | N22: La actividad presenta fecha de corte a 15 de diciembre de 2021 y no presenta avances en la ejecución | V22: 0 | W22: 0 | X22: 0 | Y22: 0 | Z22: 0 | AA22: 1
B23: Incluir incentivos especiales para el personal de servicio al ciudadano, de acuerdo con lo previsto en el marco normativo vigente en el plan de incentivos. | C23: Plan Institucional de Estímulos e Incentivos de la vigencia con incentivos especiales para el personal de servicio al ciudadano | D23: Número de Planes con la inclusión de los incentivos /Número de planes programados a incluir incentivos | E23: GIT Talento Humano | F23: 44545 | G23: 0 | H23: No se reporta avance dado que la fecha de corte de la actividad esta definida para el tercer cuatrimestre de 2021. | I23: 0 | J23: La acción se encuentra con fecha de corte a 15 de Diciembre de 2021 | K23: 0 | L23: No se reporta avance dado que la fecha de corte de la actividad esta definida para el tercer cuatrimestre de 2021. | M23: 0 | N23: La actividad presenta fecha de corte a 15 de diciembre de 2021 y no presenta avances en la ejecución | V23: 0 | W23: 0 | X23: 0 | Y23: 0 | Z23: 0 | AA23: 1
A24: Subcomponente 4 Normativo y Procedimental | B24: Realizar la actualización del procedimiento de Recepción, Trámite y seguimiento de peticiones. | C24: un (1) Procedimiento actualizado en ISOLUCION | D24: Número de Procedimiento actualizados/Número de Procedimiento programados | E24: GIT - Servicio Integral al Ciudadano | F24: 44469 | G24: 0 | H24: A la fecha de reporte no se ha ejecutado la actividad | I24: 0 | J24: La acción se encuentra con fecha de corte a 30 de septiembre de 2021 | K24: 0 | L24: A la fecha de reporte no se ha ejecutado la actividad | M24: 0 | N24: La actividad presenta fecha de corte a 30 de septiembre de 2021 y no presenta avances en la ejecución | V24: 0 | W24: 0 | X24: 0 | Y24: 0 | Z24: 1 | AA24: 1
B25: Realizar la actualización de la resolución No. 1996 de 2019 mediante la cual se "Reglamenta el trámite y respuesta de las peticiones en el Ministerio del Deporte". | C25: una (1) resolución expedida | D25: Resolución expedida/ Resolución programada | E25: GIT - Servicio Integral al Ciudadano | F25: 44469 | G25: 0 | H25: A la fecha de reporte no se ha ejecutado la actividad | I25: 0 | J25: La acción se encuentra con fecha de corte a 30 de Junio de 2021 | K25: 0 | L25: A la fecha de reporte no se ha ejecutado la actividad | M25: 0 | N25: La actividad presenta fecha de corte a 30 de septiembre de 2021 y no presenta avances en la ejecución | V25: 0 | W25: 0 | X25: 1 | Y25: 1 | Z25: 1 | AA25: 1
B26: Publicar en la página web del Ministerio del Deporte ,la agenda regulatoria de la entidad. | C26: Dos (2) Publicaciones realizadas en la página web | D26: Número de publicaciones realizadas en la página web/Número de publicaciones programadas | E26: Oficina Asesora Jurídica | F26: 31/10/2021 15/12/2021 | G26: 0 | H26: Las actividades están programadas para el 31 de octubre y 15 de diciembre de 2021, por lo que no son objeto de reporte para el primer cuatrimestre | I26: 0 | J26: La acción se encuentra con fecha de corte a 15 de Diciembre de 2021 | K26: 0 | L26: Las actividades están programadas para el 31 de octubre y 15 de diciembre de 2021, por lo que no son objeto de reporte para el tercer cuatrimestre | M26: 0 | N26: La actividad presenta fecha de corte a 30 de octubre y 15 de diciembre de 2021 y no presenta avances en la ejecución | V26: 0 | W26: 0 | X26: 0 | Y26: 0 | Z26: 0.5 | AA26: 2
B27: Reglamentar la consulta pública de proyectos normativos expedidos por el Ministerio del Deporte. | C27: un (1) Procedimiento actualizado en ISOLUCION | D27: Número de documentos actualizados en ISOLUCION / Número de documentos proyectados | E27: Oficina Asesora Jurídica | F27: 44438 | G27: 0 | H27: La actividad está programada para el 30 de julio de 2021, por lo que no es objeto de reporte para el primer cuatrimestre. | I27: 0 | J27: La acción se encuentra con fecha de corte a 30 de julio de 2021 | K27: 0.8 | L27: Mediante radicado 2021IE0004781 de fecha 23 de julio de 2021, la Oficina Asesora Jurídica solicitó cambio en la redacción de la actividad y meta, ya que el documento existente a la fecha y que entraría a reglamentar la consulta pública de proyectos normativos, en relación con la participación de los ciudadanos o grupos de interesados en la elaboración de proyectos específicos de regulación, tal como lo contemplan los Decretos 270 de 2017 y 1273 de 2020, es el Procedimiento de Agenda Regulatoria, actividad que también esta a cargo de la OAJ el cual se encuentra muy avanzado y que de acuerdo a fechas previamente establecidas debe ser entregado y publicado en ISOLUCION a finales del mes de agosto del presente año. Se anexa correo electrónico remitido por la Oficina Asesora de Planeación en donde se avalo el documento para solicitar formalmente por Isolución la creación del mismo y proceder a realizar el cargue en el aplicativo. Se presentan retrasos en el cumplimiento total de la actividad dado que la plataforma Isolución entro en mantenimiento desde el 27 de agosto hasta el 31 de agosto y alargan el plazo de dicho mantenimiento hasta el 3 de septiembre de 2021. Se anexan evidencias de las gestiones realizadas | M27: 0.8 | N27: Se evidencia que la publicación de ISOLUCIÓN del Procedimiento actualizado de la consulta pública de proyectos normativos expedidos por el Ministerio del Deporte, a la fecha de corte de la actividad de 30 de Agosto de 2.021, no se registro. | V27: 0 | W27: 0 | X27: 0 | Y27: 1 | Z27: 1 | AA27: 1
A28: Subcomponente 5 Relacionamiento con el ciudadano | B28: Divulgar la Política de Tratamiento de datos personales. | C28: una (1) pieza comunicativa de divulgación de la Política de Tratamiento de Datos Personales | D28: Número de piezas de divulgación /Número de piezas de divulgación programadas | E28: Oficina Asesora Jurídica/GIT Servicio Integral al Ciudadano/ GIT Comunicaciones | F28: 44469 | G28: 0 | H28: Se llevó a cabo reunión entre el GIT Comunicaciones y la Oficina Asesora Jurídica en la que se solicitó avanzar en la actualización de la Política de Protección de Datos Personales; de otra parte, la Oficina Asesora Jurídica remitió el mencionado documento con los ajustes que se consideraron pertinentes, para la revisión y comentarios a realizar por el GIT Servicio integral al Ciudadano, el pasado 7 de abril del año en curso, tal y como se evidencia en el correo que se anexa al respecto. La actividad tiene por fecha de corte en el mes de septiembre de 2021. | I28: 0 | J28: La acción se encuentra con fecha de corte a 30 de Septiembre de 2021 | K28: 0 | L28: La Política de protección de Datos objeto de actualización, cuenta con el visto bueno del GIT Servicio Integral al Ciudadano y fue remitida el 18 de agosto de 2021 al GIT TICs, el documento ha sido revisado previamente por los profesionales designados en la OAJ, frente al cual se hicieron ajustes de forma y sugerencias. Así mismo, se remitió el mismo a la OAJ para su revisión adicional el 19 de agosto de 2021, se continuará con el trámite de envío para revisión de la Oficina Asesora de Planeación con el fin de agotar la etapa de consulta pública en la página web de la entidad. La actividad tiene por fecha de corte en el mes de septiembre de 2021. | M28: 0 | N28: La actividad presenta fecha de corte a 30 de septiembre de 2021. | V28: 0 | W28: 0 | X28: 0 | Y28: 0 | Z28: 1 | AA28: 1
B29: Capacitar a los grupos de valor con el propósito de cualificar los procesos de participación ciudadana y fomentar el control social a la gestión pública. | C29: Una (1) capacitación realizada | D29: Número de capacitación realizadas a los grupos de valor/Número de capacitación programadas a los grupos de valor | E29: GIT Servicio Integral al Ciudadano | F29: 44545 | G29: 0 | H29: A la fecha de reporte no se ha ejecutado la actividad | I29: 0 | J29: La acción se encuentra con fecha de corte a 15 de Diciembre de 2021 | K29: 0 | L29: A la fecha de reporte no se ha ejecutado la actividad. Se diseñaron contenidos para que la EVD adelante en su plataforma el curso y desde el mes de julio quedaron enviados los contenidos. Se está a la espera de la ejecución del mismo. | M29: 0 | N29: La actividad presenta fecha de corte a 15 de diciembre de 2021 . | V29: 0 | W29: 0 | X29: 0 | Y29: 0 | Z29: 0 | AA29: 1
B30: Medir la percepción de la calidad en el servicio en los diferentes procesos, proyectos, actividades y eventos institucionales, de acuerdo al calendario de eventos de la entidad, así como en los trámites y servicios inscritos en el SUIT . | C30: Cuatro (4) informes trimestrales de gestión con un componente relacionado con la percepción de la calidad en trámites y servicios | D30: Número de Informes trimestrales de gestión realizados/ Número de Informes de gestión programados | E30: Todos los GIT de MinDeporte bajo la articulación de G.I.T Servicio Integral al Ciudadano. | F30: 31/01/2021 30 /04/2021 31 /07/2021 31 /10/2021 | G30: 0.25 | H30: En el informe del cuarto trimestre de 2020 se consignó la información de la medición de percepción de calidad de ese periodo. Respecto al primer trimestre de 2021, la medición de percepción de calidad sobre procesos, actividades, actividades y eventos institucionales que se realizaron en el primer trimestre son: IPC Reinducción en el manejo de GESDOC y gestión de peticiones IPC Foro Ley del Deporte IPC Capacitación manejo funcional de GESDOC y gestión de peticiones IPC Capacitaciones en iniciación deportiva y fútbol se encuentran publicados en el siguiente link: https://www.mindeporte.gov.co/index.php?idcategoria=99665. La medición de percepción de calidad sobre trámites y servicios se incluye dentro del informe trimestrales de gestión de servicio al ciudadano del 1 trimestre el cual no ha sido publicado a la fecha. | I30: =+G30 -> 0.25 | J30: La acción presenta avance del 25% y se encuentra con fecha de corte a 31 de Octubre de 2021 | K30: 0.67 | L30: En los informes de gestión trimestrales numeral 4 se evidencia el reporte de percepción de calidad en la respuesta a peticiones, canales de atención, trámites y servicios: https://www.mindeporte.gov.co/index.php?idcategoria=100013. Los informes de medición de percepción de calidad de las actividades y eventos institucionales se encuentran publicados en el siguientes link: https://www.mindeporte.gov.co/index.php?idcategoria=69728 | M30: 0.67 | N30: Se evidencia un avance del 67% y que los informes publicados están ubicados en la página web institucional en https://www.mindeporte.gov.co/index.php?idcategoria=100013 y https://www.mindeporte.gov.co/index.php?idcategoria=69728 | V30: 1 | W30: 2 | X30: 2 | Y30: 3 | Z30: 4 | AA30: 4
F31: N° Actividades | V31: =SUM(V6:V30) -> 1 | W31: =SUM(W6:W30) -> 3 | X31: =SUM(X6:X30) -> 10 | Y31: =SUM(Y6:Y30) -> 14 | Z31: =SUM(Z6:Z30) -> 18.5 | AA31: =SUM(AA6:AA30) -> 29
F32: Meta Avance | V32: =+V31/$AA$31 -> 0.034482759 | W32: =+W31/$AA$31 -> 0.10344828 | X32: =+X31/$AA$31 -> 0.34482759 | Y32: =+Y31/$AA$31 -> 0.48275862 | Z32: =+Z31/$AA$31 -> 0.63793103 | AA32: =+AA31/$AA$31 -> 1

Sheet Hoja2
B2: Componente | C2: Avance Reportado por el Responsable | D2: Avance Verificado por la OCI | E2: Nivel de Cumplimiento
B3: 1. Gestión del Riesgo de Corrupción – Mapas de Riesgos Corrupción | C3: 0.61 | D3: 0.61 | E3: Zona Media
B4: 2. Racionalización Trámites | C4: 0.86 | D4: 0.86 | E4: Zona Alta
B5: 3. Rendición de Cuentas | C5: 0.57 | D5: 0.57 | E5: Zona Baja
B6: 4. Atención al Ciudadano | C6: 0.53 | D6: 0.53 | E6: Zona Baja
B7: 5. Transparencia y Acceso a la Información | C7: 0.65 | D7: 0.65 | E7: Zona Media
B8: 6. Iniciativas adicionales | C8: 0.91 | D8: 0.91 | E8: Zona Alta

Sheet 5.Transparencia 
A2: PLAN ANTICORRUPCIÓN Y DE ATENCIÓN AL CIUDADANO 2021
G3: Seguimiento Primer Cuatrimestre | K3: Seguimiento Segundo Cuatrimestre | O3: Seguimiento Tercer Cuatrimestre
A4: Componente 5: Transparencia y Acceso a la información | G4: Seguimiento Primera Línea de Defensa Primer Cuatrimestre | I4: Seguimiento Tercera Línea de Defensa Primer Cuatrimestre | K4: Seguimiento Primera Línea de Defensa Segundo Cuatrimestre | M4: Seguimiento Tercera Línea de Defensa Segundo Cuatrimestre | O4: Seguimiento Primera Línea de Defensa Tercer Cuatrimestre | Q4: Seguimiento Tercera Línea de Defensa Tercer Cuatrimestre | T4: Programación Meta Acumulativa
A5: Subcomponente | B5: Acción | C5: Meta o producto | D5: Indicador | E5: Responsable | F5: Fecha | G5: Avance Cuantitativo | H5: Avance Cualitativo | I5: Avance Cuantitativo OCI | J5: Observaciones OCI | K5: Avance Cuantitativo | L5: Avance Cualitativo | M5: Avance Cuantitativo OCI | N5: Observaciones OCI | O5: Avance Cuantitativo | P5: Avance Cualitativo | Q5: Avance Cuantitativo OCI | R5: Observaciones OCI | T5: 1er bimestre ene-feb | U5: 2do bimestre mar-abr | V5: 3ro bimestre may-jun | W5: 4to bimestre jul-ago | X5: 5to bimestre sep-oct | Y5: 6to bimestre nov-dic
A6: Subcomponente 1 Lineamientos de Transparencia Activa | B6: Actualizar la matriz de publicación de información (Esquema de Información) por dependencia y área responsable. | C6: Una (1) Matriz actualizada | D6: Matriz actualizada/Matriz programada | E6: Oficina Asesora de Planeación / GIT Comunicaciones | F6: 44530 | G6: 0.33 | H6: Se encuentra actualizada la matriz a la fecha cumpliendo con los requisitos exigidos por la Procuraduría General de la Nación. https://coldeportes.sharepoint.com/:f:/s/gitcomunicaciones/En60WHt6PttKsxtp9YBPWT0B9hncQ6B00GH_LwAC6BUT_w?e=OkjFpo | I6: =+G6 -> 0.33 | J6: La acción presenta avance del 33% y se encuentra con fecha de corte a 30 de Noviembre de 2021 | K6: 0.66 | L6: Se encuentra actualizada la matriz a la fecha cumpliendo con los requisitos exigidos por la Procuraduría General de la Nación. https://coldeportes.sharepoint.com/:f:/s/gitcomunicaciones/Ei11qCI6tf5CpKEUKZqy40sBpJzwhdeYuChzxzF6eKix2Q?e=HBRxTj | M6: 0.66 | N6: La acción presenta avance del 66% y se encuentra con fecha de corte a 30 de Noviembre de 2021 Evidencia siguiente link https://coldeportes.sharepoint.com/:f:/s/gitcomunicaciones/Ei11qCI6tf5CpKEUKZqy40sBpJzwhdeYuChzxzF6eKix2Q?e=HBRxTj | T6: 0 | U6: 0 | V6: 0 | W6: 0 | X6: 0 | Y6: 1
B7: Realizar seguimiento y monitoreo a la información mínima que debe estar publicada en la sección de transparencia y acceso a la información pública de acuerdo a lo definido en la ley 1712 de 2014 y sus decretos reglamentarios. | C7: Tres (3) seguimientos realizado mediante reportes | D7: Número de reportes realizados de seguimiento y monitoreo a la información mínima que debe estar publicada en la sección de transparencia y acceso a la información pública / Número de reportes programados para el seguimiento y monitoreo a la información mínima que debe estar publicada en la sección de transparencia y acceso a la información pública | E7: Oficina Asesora de Planeación / GIT Comunicaciones | F7: 44530 | G7: 0.33 | H7: * Se llevó a cabo el seguimiento y monitoreo de la información mínima que debe estar publicada en la sección de transparencia y acceso a la información pública. Dentro del seguimiento se recibieron 111 solicitudes de actualización para la página web, se llevaron a cabo 7 reuniones con las áreas y se hicieron 4 solicitudes a través de correo electrónico, por parte del Web Master. https://coldeportes.sharepoint.com/:f:/s/gitcomunicaciones/EjNJIQx5y9VJqMlMAgtkY5QBilvpvQVOWMrXUrr2qeklAw?e=gT0hOo * Se realizó reporte de seguimiento mediante matriz de transparencia en el mes de marzo de 2021 | I7: =+G7 -> 0.33 | J7: La acción presenta avance del 33% y se encuentra con fecha de corte a 30 de Noviembre de 2021 | K7: 0.66 | L7: * Se llevó a cabo el seguimiento y monitoreo de la información mínima que debe estar publicada en la sección de transparencia y acceso a la información pública. Dentro del seguimiento se han recibido 475 solicitudes de actualización para la página web, se llevaron a cabo 6 reuniones con las áreas y se hicieron 11 solicitudes a través de correo electrónico, por parte del Web Master. * Se realizó reporte de seguimiento mediante matriz de transparencia a agosto 15 de 2021. https://coldeportes.sharepoint.com/:f:/s/gitcomunicaciones/EkubZkCPzylPr76U6yIns2wBBzMkZJo9i7darld7SHhbIw?e=rtNqlL | M7: 0.66 | N7: Se evidencia acta de 6 reuniones ,( Contratación, Juridica, Planeación , Servicio Integral al Ciudadano y Talento Humano) como tambien el informe de cumplimiento de la ley de transparancia. Evidencia siguiente link : https://coldeportes.sharepoint.com/:f:/s/gitcomunicaciones/EkubZkCPzylPr76U6yIns2wBBzMkZJo9i7darld7SHhbIw?e=rtNqlL | T7: 0 | U7: 0 | V7: 0 | W7: 0 | X7: 0 | Y7: 1
A8: Subcomponente 2 Lineamientos de Transparencia Pasiva | B8: Publicar y actualizar los conjuntos de Datos abiertos identificados por la entidad. | C8: Dos (2) Actualizaciones de conjuntos de datos. | D8: Número de actualizaciones realizadas a conjuntos de datos abiertos identificados por la entidad /Número de conjuntos de datos abiertos identificados por la entidad. | E8: GIT-TICS y Oficina Asesora de Planeación | F8: 44545 | G8: 0 | H8: 1. Se emitió correo electrónico para la solicitud de modificación de la acción, meta y responsable del lineamiento de transparencia pasiva. 2. En el periodo reportado no se ha iniciado la ejecución de la actividad | I8: 0 | J8: La acción presenta fecha de corte a 15 de diciembre de 2021 | K8: 1 | L8: 1. Se actualizaron dos (2) conjuntos de datos abiertos en el portal así: Registro de PQR Mindeporte actualizado el 16 de Junio de 2021 y Registro de activos de información MINDEPORTE 2021 actualizado 10 de junio de 2020( VER SOPOTE DE DATOS ABIERTO). 2. Se envío correo electrónico a las direcciones responsables de los restantes set de datos para que remitan información actulizada el 19 de agosto del 2021( VER SOPORTE CORREO ELECTRONICO). | M8: 1 | N8: Se evidencia cumplimiento a las actividades | T8: 0 | U8: 0 | V8: 0 | W8: 0 | X8: 0 | Y8: 1
B9: Presentar los informes trimestrales sobre la gestión interna de las PQRS y el servicio al ciudadano de la Entidad, incorporando un componente relacionado con la percepción de la calidad en trámites y servicios, así como las recomendaciones que surjan desde el análisis de gestión, para mejorar el servicio e incentivar la participación en la gestión pública, que incluya lo siguiente: - Recomendaciones de la entidad sobre los trámites y servicios con mayor número de quejas y reclamos. - Recomendaciones de los particulares dirigidas a mejorar el servicio que preste la entidad. - Recomendaciones de los particulares dirigidas a incentivar la participación en la gestión pública. - Recomendaciones de los particulares dirigidas a racionalizar el empleo de los recursos disponibles | C9: cuatro (4) informes de gestión presentados | D9: Número de informes de gestión realizados/Número de Informes de gestión proyectados | E9: GIT Servicio Integral al Ciudadano | F9: 31/01/2021 30 /04/2021 31 /07/2021 31 /10/2021 | G9: 0.5 | H9: Se publicó el informe de gestión anual 2020 a inicio de la vigencia en la página web. Así mismo, se elaboró el informe de gestión del primer trimestre 2021. Se encuentra en revisión y ajustes. Una vez listo se publicará en la página web. Evidencia en: https://www.mindeporte.gov.co/index.php?idcategoria=65304 | I9: =+G9 -> 0.5 | J9: La acción presenta avance del 50% y se encuentra con fecha de corte a 30 de Octubre de 2021 | K9: 0.75 | L9: Se publicaron los informes de gestión del primer y segundo trimestre 2021 en la página web así: https://www.mindeporte.gov.co/index.php?idcategoria=100013 | M9: 0.75 | N9: Se evidencia publicacion de los informes de gestión del primer y segundo trimestre de 2021 en la pagina web del Mindeporte y el informe anual de la vigencia 2020 Ver evidencia segundo trimestre 2021 en la página web así: https://www.mindeporte.gov.co/index.php?idcategoria=100013 https://www.mindeporte.gov.co/index.php?idcategoria=98057 | T9: 1 | U9: 2 | V9: 2 | W9: 3 | X9: 4 | Y9: 4
A10: Subcomponente 3 Elaboración los Instrumentos de Gestión de la Información | B10: Realizar seguimiento semestral a la implementación del Plan Institucional de Archivos (PINAR) y Programa de Gestión Documental (PGD) | C10: Dos (2) informes semestrales socializando los resultados obtenidos producto del seguimiento | D10: Número de informes de implementación del PINAR realizados/Número de Informes implementación del PINAR proyectados | E10: GIT de Gestión Documental | F10: 30/06/2021 15/12/2021 | G10: 0.25 | H10: Se realizo informe de avance al proceso de implementación de las actividades propuestas en el cronograma especifico del Plan Institucional de Archivos - PINAR | I10: =+G10 -> 0.25 | J10: La acción presenta avance del 25% y se encuentra con fecha de corte a 15 de Diciembre de 2021 | K10: 0.5 | L10: Se realizo informe de avance al proceso de implementación de las actividades propuestas en el cronograma especifico del Plan Institucional de Archivos - PINAR con corte al 30 de junio de 2021 | M10: 0.5 | N10: Se evidencia el primer informe de seguimmiento a la Implementación del Plan Institucional de Arhivo - PINAR | T10: 0 | U10: 0 | V10: 0.5 | W10: 0.5 | X10: 0.5 | Y10: 2
B11: Realizar la socialización de la Política de Gestión Documental | C11: Una (1) Socialización de la política de gestión documental | D11: Número de Socializaciones de la política de gestión documental realizadas/Número de Socializaciones de la política de gestión documental programadas | E11: GIT de Gestión Documental | F11: 44377 | G11: 1 | H11: Se realizó socialización de la Politica de Gestión Documental en la intranet mediante pieza gráfica | I11: =+G11 -> 1 | J11: Esta actividad se cumplió en el 1er. cuatrimestre de la vigencia 2021 | K11: 1 | L11: Mediante capacitación de Gestión Documental llevada a cabo el 17 de agosto de 2021 se realizó socialización de los instrumentos archivisticos y la Politica de Gestión Documental | M11: 1 | N11: Esta actividad se cumplió en el 1er. cuatrimestre de la vigencia 2021, adcionalmente se evidencia soporte de capacitacion del 17 de agosto sobre la socialización de los documentos archivisticos y la poltica de gestión documental | T11: 0 | U11: 0 | V11: 1 | W11: 1 | X11: 1 | Y11: 1
B12: Elaboración y publicación matriz activos de información . | C12: Una(1) matriz activos de información | D12: Matriz activos de información elaborada y publicada/Matriz activos de información programada | E12: GIT de Gestión Documental - GIT TIC´s | F12: 44545 | G12: 0.5 | H12: El GIT TIC´s mediante comunicaciÓn interna 2021IE0001844 solicto la designación de enlaces para inicar el proceso de elaboración y/o actualización de la matriz activos de información | I12: 0 | J12: Dado que a la fecha del presente reporte no se cuenta con la Matriz de Activos de Información, el avance reportado corresponde a 0%. | K12: 1 | L12: Se realizó la actualización al formato GT-FR-014 correspondiente al Inventario Activos de Información e Índice de información Clasificada y Reservada. Mediante mesas de trabajo con los enlaces líderes por proceso se realizó la actualización de los activos de información para toda la entidad. Por tanto, se publicó en el Portal Institucional y en el Portal de Datos Abiertos el conjunto de Datos referente a esta actualización (ver informe de datos abierto del items de datos abiertos) Se evidencia publicación en el portal institucional y en el portal de datos abiertos. https://www.mindeporte.gov.co/index.php?idcategoria=66629 | M12: 1 | N12: Se evidencia publicación en el portal institucional y en el portal de datos abiertos. Link https://www.mindeporte.gov.co/index.php?idcategoria=66629 | T12: 0 | U12: 0 | V12: 0 | W12: 0 | X12: 0 | Y12: 1
B13: Centralización de archivos de Gestión de acuerdo a las Tablas de Retención Documental. | C13: Formato Único de Inventario Documental (FUID). Un (1) Informe consolidado del estado en que se entregó el archivo de gestión al archivo central . | D13: Número de FUID e informe consolidado del archivo de gestión realizado/Número de FUID e informe consolidado del archivo de gestión programado | E13: GIT Gestión documental | F13: 44545 | G13: 0.05 | H13: Análisis de la producción documental bajo los inventarios documentales del GIT Gestión Administrativa | I13: =+G13 -> 0.05 | J13: La acción presenta avance del 5% y se encuentra con fecha de corte a 15 de diciembre de 2021 | K13: 0.13 | L13: Durante el primer semestre de 2021 se realizó la centralización de los archivos de gestión de 5 dependencias, de la siguiente manera: 1. Dirección de Inspección, Vigilancia y Control y sus Grupos Internos (4 dependencias). 2. GIT Gestión Administrativa | M13: 0.13 | N13: La acción presenta avance del 13% y se encuentra con fecha de corte a 15 de diciembre de 2021 | T13: 0 | U13: 0 | V13: 0 | W13: 0 | X13: 0 | Y13: 1
B14: Seguimiento al plan de seguridad y privacidad de la información. | C14: Un (1)Informe de seguimiento de acuerdo a cronograma. | D14: Número de Informes elaborados de seguimiento al plan de seguridad y privacidad de la información/Número de Informes programados de seguimiento al plan de seguridad y privacidad de la información | E14: GIT-TICS | F14: 44545 | G14: 0.05 | H14: Se establecieron los enlaces para realizar el inventario de activos de información y se esta definiendo el cronograma de mesas de trabajo a realizar las mesas de trabajo.( soporte: ver listado de enlaces) | I14: =+G14 -> 0.05 | J14: La acción presenta avance del 5% y se encuentra con fecha de corte a 15 de diciembre de 2021 | K14: 0.5 | L14: Se realiza seguimiento trimestralmente a los planes de TRATAMIENTO DE RIESGOS Y AL DE SEGURIDAD Y PRIVACIDAD DE LA INFORMACIÓN 2021 . Por tanto, a la fecha se cuenta con el segundo seguimiento de cuatro que se realizan en la actual vigencia. Se anexan matrices de los dos seguimientos que se llevan a la fecha actual. | M14: 0.5 | N14: Se evidencia segundo seguimiento a los planes de tratamiento de riesgo y al de seguridad y privacidad de la informacion | T14: 0 | U14: 0 | V14: 0 | W14: 0 | X14: 0 | Y14: 1
A15: Subcomponente 4. Criterio diferencial de accesibilidad. | B15: Promover la Ley de transparencia y acceso a información pública, mediante capacitaciones a sus funcionarios y contratistas | C15: Dos (2) capacitaciones de ley de transparencia con los actores principales | D15: Número de capacitaciones en Ley de Transparencia realizadas/ Número de capacitaciones en Ley de Transparencia programadas. | E15: Oficina Asesora de Planeación. | F15: 30/06/2021 30/11/2021 | G15: 0 | H15: En el periodo reportado no se ha iniciado la ejecución de la actividad | I15: 0 | J15: La acción presenta fecha de corte a 30 de Noviembre de 2021 | K15: 0.5 | L15: Se realizó primera capacitación a los enlaces de los procesos sobre transparencia y acceso a la información. Se adjunta listado de asistencia (Teams) y memorias o presentación de la capacitación. | M15: 0.5 | N15: Se evidencia soporte de aistencia a capacitación sobre " Transparecncia y Acceso a la Información Ley 1712 de 2014) | T15: 0 | U15: 0 | V15: 0.5 | W15: 0.5 | X15: 0.5 | Y15: 2
B16: Actualizar de manera permanente, el portal del Ministerio del Deporte con los criterios de Accesibilidad definidos en la NTC 5854. | C16: Tres (3) reportes de los Criterios de accesibilidad definidos y aplicados | D16: Número de reportes realizados de Criterios de accesibilidad definidos y aplicados / Número de reportes programados Criterios de accesibilidad definidos y aplicados | E16: GIT Comunicaciones y GIT Tics | F16: 44530 | G16: 0.05 | H16: Se realizarón estudios previos con los requerimientos de las áreas para la vigencia 2021 en la pagina web.( soporte ver estudio previo Micrositio) | I16: =+G16 -> 0.05 | J16: La acción presenta avance del 5% y se encuentra con fecha de corte a 30 de Noviembre de 2021 | K16: 0.2 | L16: 1. Se aprobo el contrato CMT-803-2021 con la empresa Micrositios en el cual se incluyen actividad de implementación de criterio de accesibilidad denidos en la NTC 5854, (Evidencia acta de inicio e Informe de factura). | M16: 0.2 | N16: Se evidencia aprobacion del Contrato CMT-803 2021 ( acta de inicio del 4 de junio 2021 ) Objeto del contrato " Mantenimiento , actualización y desarrollo del portal del Ministerio y Subsitios" | T16: 0 | U16: 0 | V16: 0 | W16: 0 | X16: 0 | Y16: 1
A17: Subcomponente 5 Monitoreo del Acceso a la Información Pública | B17: Diseñar, publicar y aplicar encuesta de satisfacción a los ciudadanos, sobre transparencia y acceso a la información pública de la entidad, orientado a la imagen de la entidad. | C17: Una (1) encuesta de percepción | D17: Número de encuestas aplicadas/Número de encuestas programadas | E17: Oficina Asesora de Planeación, GIT Comunicaciones y GIT Servicio Integral al Ciudadano | F17: 44499 | G17: 0 | H17: En el periodo reportado no se ha iniciado la ejecución de la actividad | I17: 0 | J17: La acción presenta fecha de corte a 30 de Octubre de 2021 | K17: 1 | L17: Encuesta diseñada y publicada. Informe con los resultados: https://www.mindeporte.gov.co/index.php?idcategoria=100516 | M17: 1 | N17: Se evidencia encuesta diseñada y publicada Ver evidencia https://www.mindeporte.gov.co/index.php?idcategoria=100516 | T17: 0 | U17: 0 | V17: 0 | W17: 0 | X17: 1 | Y17: 1
B18: Informar a la Alta Dirección los resultados del seguimiento al cumplimiento de publicación de información mínima | C18: Dos informes (corte feb y ago) | D18: Número de Informes realizados/Número de Informes proyectados | E18: Oficina de Control Interno | F18: 44545 | G18: 0.5 | H18: De acuerdo con lo establecido en el Plan Anual de Auditoria Interna -PAAI de la vigencia 2021 aprobado por el Comité Institucional de Coordinación de Control Interno el 06 de abril de 2021, de dos informes programados, se reporta avance del primer seguimiento al cumplimiento y aplicación de la Ley No. 1712 de 2014 “Ley de Transparencia y de Acceso a la Información Pública” al interior del Ministerio del Deporte, el cual fue emitido con memorando radicado a través del aplicativo de gestión documental Gesdoc con el N° 2021IE0002445 del 27-abr-2021. El segundo informe según el PAAI-2021, esta programado para finalizar el 22 de septiembre de 2021. | I18: =+G18 -> 0.5 | J18: La acción presenta avance del 50% y se encuentra con fecha de corte a 15 de Diciembre de 2021 | K18: 0.5 | L18: De acuerdo con lo establecido en el Plan Anual de Auditoria Interna de la vigencia 2021 aprobado por el Comité Institucional de Coordinación de Control Interno, la OCI dará cumplimiento al segundo informe en la fecha establecida. Teniendo en cuenta lo anterior, el avance para el presente cuatrimestre queda igual al anterior. | M18: 0.5 | N18: El porcentaje de avance se mantiene con el primer cuatrimestre, toda vez que el segundo informe esta programado para septiembre de 2021 | T18: 0 | U18: 0 | V18: 0 | W18: 0 | X18: 0 | Y18: 1
F19: N° Actividades | T19: =SUM(T6:T18) -> 1 | U19: =SUM(U6:U18) -> 2 | V19: =SUM(V6:V18) -> 4 | W19: =SUM(W6:W18) -> 5 | X19: =SUM(X6:X18) -> 7 | Y19: =SUM(Y6:Y18) -> 18
F20: Meta Avance | T20: =+T19/$Y$19 -> 0.055555556 | U20: =+U19/$Y$19 -> 0.11111111 | V20: =+V19/$Y$19 -> 0.22222222 | W20: =+W19/$Y$19 -> 0.27777778 | X20: =+X19/$Y$19 -> 0.38888889 | Y20: =+Y19/$Y$19 -> 1

Sheet 6. Iniciativas adicionales.
A2: PLAN ANTICORRUPCIÓN Y DE ATENCIÓN AL CIUDADANO 2021
G3: Seguimiento Primer Cuatrimestre | K3: Seguimiento Segundo Cuatrimestre | O3: Seguimiento Tercer Cuatrimestre
A4: Componente 6: Iniciativas Adicionales | G4: Seguimiento Primera Línea de Defensa Primer Cuatrimestre | I4: Seguimiento Tercera Línea de Defensa Primer Cuatrimestre | K4: Seguimiento Primera Línea de Defensa Segundo Cuatrimestre | M4: Seguimiento Tercera Línea de Defensa Segundo Cuatrimestre | O4: Seguimiento Primera Línea de Defensa Tercer Cuatrimestre | Q4: Seguimiento Tercera Línea de Defensa Tercer Cuatrimestre | S4: Programación Meta Acumulativa
A5: Subcomponente | B5: Acción | C5: Meta o producto | D5: Indicador | E5: Responsable | F5: Fecha | G5: Avance Cuantitativo | H5: Avance Cualitativo | I5: Avance Cuantitativo OCI | J5: Observaciones OCI | K5: Avance Cuantitativo | L5: Avance Cualitativo | M5: Avance Cuantitativo OCI | N5: Observaciones OCI | O5: Avance Cuantitativo | P5: Avance Cualitativo | Q5: Avance Cuantitativo OCI | R5: Observaciones OCI | S5: 1er bimestre ene-feb | T5: 2do bimestre mar-abr | U5: 3ro bimestre may-jun | V5: 4to bimestre jul-ago | W5: 5to bimestre sep-oct | X5: 6to bimestre nov-dic
A6: Iniciativas adicionales | B6: Publicar el banco de conceptos jurídicos en la página web del Ministerio del Deporte. | C6: Dos (2) Publicaciones en la página web del Ministerio | D6: Número de publicaciones realizadas en página web del banco de conceptos/Número de publicaciones programadas del banco de conceptos. | E6: Oficina Asesora Jurídica | F6: 44545 | G6: 0 | H6: La actividad está programadas para el 15 de diciembre de 2021, por lo que no es objeto de reporte para el primer cuatrimestre | I6: 0 | J6: La acción presenta fecha de corte a 15 de diciembre de 2021 | K6: 1 | L6: El 20 de abril de 2021, se realizó solicitud de publicación de los conceptos jurídicos emitidos durante el primer cuatrimestre de la vigencia 2021 con corte al 9 de abril. Esta publicación se realizó en la sección de normatividad de la página web Ministerio del Deporte El 22 de julio de 2021, se realizó publicación de los conceptos jurídicos emitidos durante el 2020. Esta publicación se realizó en la sección de normatividad de la página web Ministerio del Deporte El 16 de julio de 2021, se realizó la segunda solicitud de publicación de los conceptos jurídicos emitidos durante el primer semestre con corte al 30 de junio. Se anexan las respectivas evidencias. | M6: 1 | N6: La actividad presenta fecha de corte a 15 de diciembre de 2021 y se evidencian 2 publicaciones en la página del Ministerio | S6: 0 | T6: 0 | U6: 0 | V6: 0 | W6: 0 | X6: 1
B7: Realizar estrategias de comunicación (por diferentes medios) y sensibilización relacionadas con los temas de código de Integridad y conflicto de intereses. | C7: 3 Campañas por cada eje | D7: Número de campañas realizadas/Número de campañas programadas | E7: GIT Comunicaciones | F7: 44469 | G7: 0.33 | H7: Se estructuró la campaña con el GIT de Talento Humano, para establecer cómo se trabajará el tema durante 2021. Se adjunta presentación. A través de la intranet se sensibilizaron 10 piezas gráficas sobre conflicto de intereses, integridad, transparencia y lucha contra la corrupción, y sobre el código de Integridad. https://coldeportes.sharepoint.com/:f:/s/gitcomunicaciones/EvS7OEtODC1AhCeDO5TJVxEB2jzU9bZrxw4J5WbdzXMHLg?e=CT4taM | I7: =+G7 -> 0.33 | J7: La acción presenta avance del 33% y se encuentra con fecha de corte a 30 de Septiembre de 2021 | K7: 0.9 | L7: Se sensibilizó a través de la intranet 14 piezas gráficas sobre código de integridad, transparencia y conflicto de intereses. Abril (Código de Integridad), mayo (Transparencia y Lucha contra la Corrupción), junio (Conflicto de Intereses), julio (Conflicto de intereses), agosto (Conflicto de Intereses). https://coldeportes.sharepoint.com/:f:/s/gitcomunicaciones/EtCM3ZVKhgpAtWzwZbvlN4gBYhx8v75sWt_r6walBl1bLw?e=5vq8u5 | M7: 0.9 | N7: La actividad presenta fecha de corte a 30 de septiembre de 2021 y presenta un avance del 90% en la ejecución teniendo en cuenta que se sensibilizó a través de la intranet 14 piezas gráficas sobre código de integridad, transparencia y conflicto de intereses. Abril (Código de Integridad), mayo (Transparencia y Lucha contra la Corrupción), junio (Conflicto de Intereses), julio (Conflicto de intereses), agosto (Conflicto de Intereses). https://coldeportes.sharepoint.com/:f:/s/gitcomunicaciones/EtCM3ZVKhgpAtWzwZbvlN4gBYhx8v75sWt_r6walBl1bLw?e=5vq8u5 | S7: 0 | T7: 0 | U7: 0 | V7: 0 | W7: 1 | X7: 1
B8: Implementar acciones de capacitación sobre la gestión de conflictos de intereses, su declaración proactiva, el cumplimiento de la Ley 2013 de 2019 y el trámite de los impedimentos y recusaciones de acuerdo al artículo 12 de la Ley 1437 de 2011 a través del plan de capacitación institucional | C8: Dos (2) capacitaciones realizadas | D8: Número de capacitaciones realizadas/Número de capacitaciones programadas | E8: GIT Gestión del Talento Humano | F8: 44362 | G8: 0 | H8: No se reporta avance dado que la fecha de corte corresponde al segundo cuatrimestre de 2021. | I8: 0 | J8: La acción presenta fecha de corte a 15 de junio de 2021 | K8: 1 | L8: Se realizaron jornadas de capacitación en el mes de enero y mayo sobre Conflicto de Intereses y el aplicativo Ley 2019 de 2019 publicación conflicto de intereses. Operador DAFP. Teniendo en cuenta lo anterior el avance de la actividad esta dado por (2 capacitaciones realizadas/2 capacitaciones programadas) =100% | M8: 1 | N8: Se evidencia que se realizaron las 2 capacitaciones estipuladas dentro de la actividad, con lo cual cumple al 100%. | S8: 0 | T8: 0 | U8: 1 | V8: 1 | W8: 1 | X8: 1
B9: Promover que los servidores y contratistas de la entidad realicen el curso de integridad, transparencia y lucha contra la corrupción establecido por Función Pública para dar cumplimiento a la Ley 2016 de 2020. | C9: 100% de funcionarios y contratistas de Mindeporte certificados en el curso | D9: Número de funcionarios y contratistas de Mindeporte certificados en el curso/Número total de funcionarios y contratistas de Mindeporte | E9: GIT Gestión del Talento Humano y GIT Contratación | F9: 44377 | G9: 0.25 | H9: Con corte al 01 de abril, 170 contratistas de las diferentes áreas de la entidad han realizado el curso de integridad, transparencia y lucha contra la corrupción | I9: =+G9 -> 0.25 | J9: La acción presenta avance del 25% y se encuentra con fecha de corte a 30 de Junio de 2021 | K9: 0.7334 | L9: TALENTO HUMANO: De un total de 164 funcionarios de planta,159 realizaron el curso de integridad en el año 2020 y 3 funcionarios nuevos en lo corrido de 2021. CONTRATACIÓN: Con corte al 31 de julio de un total de 740, 504 contratistas han realizado el curso de integridad transparencia y lucha contra la corrupción, esta actividad se desarrolla durante todo el año, ya que el ingreso de contratistas se puede dar a lo largo de toda la vigencia. Teniendo en cuenta lo anterior el avance de la actividad esta dado por ( 666 funcionarios y contratistas de Mindeporte certificados en el curso/904 funcionarios y contratistas de Mindeporte) =73.34% | M9: 0.7334 | N9: Se evidencia que la actividad presenta un avance del 73.34% y tiene fecha de corte de 30 de Junio de 2021 | S9: 0 | T9: 0 | U9: 1 | V9: 1 | W9: 1 | X9: 1
F10: N° Actividades | S10: =SUM(S6:S9) -> 0 | T10: =SUM(T6:T9) -> 0 | U10: =SUM(U6:U9) -> 2 | V10: =SUM(V6:V9) -> 2 | W10: =SUM(W6:W9) -> 3 | X10: =SUM(X6:X9) -> 4
F11: Meta Avance | S11: =+S10/$X$10 -> 0 | T11: =+T10/$X$10 -> 0 | U11: =+U10/$X$10 -> 0.5 | V11: =+V10/$X$10 -> 0.5 | W11: =+W10/$X$10 -> 0.75 | X11: =+X10/$X$10 -> 1

Sheet 2.1 RdeC
A1: N° | B1: Proceso | C1: Área | D1: Informes 1er semestral 2019 por área misional (50 ptos)
A2: 1 | B2: Formulación y Adopción de Políticas, Planes y Programas | C2: Subdirección | D2: 50
A3: 2 | B3: Altos Logros | C3: Dirección Técnica de Posicionamiento | D3: 50
A4: 3 | B4: Inspección, Vigilancia y Control | C4: Dirección Técnica de IVC | D4: 50
A5: 4 | B5: Fomento al Desarrollo Humano y Social | C5: Dirección Técnica de Fomento | D5: 50
A6: 5 | B6: Apoyo en Infraestructura Técnica y Científica | C6: Dirección Técnica de Rec y Herram | D6: 50
A7: 6 | B7: Servicio Integral al Ciudadano | C7: GIT Atención al Ciudadano | D7: 50
C8: Promedio cumplimiento | D8: =AVERAGE(D2:D7) -> 50
A10: N° | B10: Proceso | C10: Área | D10: Informe 1er semestre 2019 sobre las estrategias virtuales implementadas (50 ptos)
A11: 1 | C11: Dirección - Cooperación | D11: 50
A12: 2 | B12: Planeación Estratégica | C12: Oficina Asesora de Planeación | D12: 50
A13: 3 | B13: Gestión Organizacional | C13: Oficina Asesora de Planeación | D13: 50
A14: 4 | B14: Gestión de Comunicaciones | C14: GIT Comunicaciones | D14: 50
A15: 5 | B15: Gestión de Tecnologías de la Información y las Comunicaciones | C15: GIT de TIC's | D15: 50
A16: 6 | B16: Gestión del Talento Humano | C16: GIT de TH | D16: 50
A17: 7 | B17: Gestión Documental | C17: GIT de Administrativa | D17: 50
A18: 8 | B18: Adquisición de Bienes y Servicios | C18: GIT de Administrativa | D18: 50
A19: 9 | B19: Gestión Financiera y Tesorería | C19: GIT de Financiera y Presupuesto GIT de Tesoreria | D19: 50
A20: 10 | B20: Gestión Jurídica | C20: Oficina Asesora Jurídica | D20: 50
A21: 11 | B21: Gestión de los Recursos Físicos | C21: GIT de Administrativa | D21: 50
A22: 12 | B22: Seguimiento y Evaluación de la Gestión | C22: OCI | D22: 50
C23: Promedio cumplimiento | D23: =AVERAGE(D11:D22) -> 50
C24: Cumplimiento total | D24: =+D8+D23 -> 100
